 Dungeon Crawl Stone Soup version 0.22.0-49-gab54619 (webtiles) character file.

1022651 Monsterracer the Acrobat (level 27, -3/297 HPs)
             Began as a Gnoll Wizard on Sept 1, 2018.
             Was the Champion of Vehumet.
             Killed from afar by Lom Lobon (67 damage)
             ... with a great icy blast
             ... in Pandemonium on Sept 6, 2018.
             The game lasted 05:07:57 (111579 turns).

Monsterracer the Acrobat (Gnoll Wizard)           Turns: 111579, Time: 05:07:58

Health: -3/297     AC: 45    Str: 18    XL:     27
Magic:  12/49      EV: 40    Int: 44    God:    Vehumet [******]
Gold:   1818       SH: 32    Dex: 23    Spells: 1/70 levels left

rFire    + + .     SeeInvis .     - Unarmed
rCold    + + .     Gourm    .   y - +8 large shield {rC+ rF+}
rNeg     + . .     Faith    .   (armour currently unavailable)
rPois    ∞         Spirit   .   N - +2 helmet {Int+3}
rElec    +         Reflect  .   R - +2 cloak {rPois}
rCorr    .         Harm     .   (gloves currently unavailable)
MR       +++++                  (boots currently unavailable)
Stlth    +++++++++.             C - amulet of Ziptiph {rElec rC+ Regen+ Str+2 Dex+4}
HPRegen  0.00/turn              s - ring of Xom's Sleight of Hands {+Fly rF+ rC- MR+ Int+6}
MPRegen  0.31/turn              W - ring of the Mage {Wiz MR++ Int+3}

@: mighty, agile, statue-form, frozen, flying (expiring), very slightly
contaminated, regenerating, hasted, studying 2 skills, deflect missiles, slow
A: distributed training, fangs 1, blink, cold resistance 1, deterioration 1,
sense surroundings 2, screaming 2, inhibited regeneration, sturdy frame 1,
strong nose
}: 9/15 runes: decaying, slimy, silver, abyssal, demonic, glowing, magical,
dark, gossamer
a: End Transformation, Blink, Renounce Religion


You were in Pandemonium.
You worshipped Vehumet.
Vehumet was exalted by your worship.
You were very hungry.
You were a stone statue.
You visited 11 branches of the dungeon, and saw 55 of its levels.
You visited Pandemonium 1 time, and saw 12 of its levels.
You visited the Abyss 1 time.
You visited 1 ziggurat, and saw 19 of its levels.
You also visited: Ossuary and Bailey.

You collected 10424 gold pieces.
You spent 8606 gold pieces at shops.

Inventory:

Hand Weapons
 a - a +9 broad axe of electrocution
 w - a +9 broad axe of flaming
Missiles
 u - 12 throwing nets (quivered)
Armour
 e - a +2 pair of gloves (melded)
 y - a +8 large shield of resistance (worn)
 z - the +2 pair of boots of Gallantry (melded) {MR+ Int+4}
   (You found it in Pandemonium)

   It affects your intelligence (+4).
   It affects your resistance to hostile enchantments.
 A - a +2 robe of the Archmagi (melded)
 N - a +2 helmet of intelligence (worn)
 R - a +2 cloak of poison resistance (worn)
Jewellery
 k - the amulet "Kubic" {Acrobat rElec rN++ Dex-2 SInv}
   (You found it on level 6 of a ziggurat)

   [amulet of the acrobat]

   It helps you evade while moving and waiting.
   It affects your dexterity (-2).
   It insulates you from electricity.
   It greatly protects you from negative energy.
   It lets you see invisible.
 n - the ring "Mizigaet" {rF++ EV+4}
   (You found it on level 5 of the Pits of Slime)

   [ring of evasion]

   It affects your evasion (+4).
   It greatly protects you from fire.
 s - the ring of Xom's Sleight of Hands (left hand) {+Fly rF+ rC- MR+ Int+6}
   (You found it on level 2 of the Depths)

   [ring of flight]

   It affects your intelligence (+6).
   It protects you from fire.
   It makes you vulnerable to cold.
   It affects your resistance to hostile enchantments.
   It lets you fly.
 C - the amulet of Ziptiph (around neck) {rElec rC+ Regen+ Str+2 Dex+4}
   (You took it off an ogre mage on level 5 of the Vaults)

   [amulet of regeneration]

   It affects your strength (+2).
   It affects your dexterity (+4).
   It protects you from cold.
   It insulates you from electricity.
   It increases your rate of regeneration.
 W - the ring of the Mage (right hand) {Wiz MR++ Int+3}
   (You found it on level 9 of a ziggurat)

   [ring of wizardry]

   It improves your spell success rate.
   It affects your intelligence (+3).
   It affects your resistance to hostile enchantments.
Wands
 Y - a wand of digging (60)
Scrolls
 f - 10 scrolls of blinking
 h - 3 scrolls of silence
 q - 7 scrolls of magic mapping {!r}
 v - 31 scrolls of teleportation {!r}
 D - 14 scrolls of fear {!r}
 E - 24 scrolls of identify
 F - 22 scrolls of remove curse
 J - 10 scrolls of fog
 P - 6 scrolls of summoning {!r}
 Q - 2 scrolls of holy word
 T - 7 scrolls of enchant armour
Potions
 b - 2 potions of mutation {!q}
 d - 6 potions of agility
 i - 7 potions of haste
 j - 13 potions of heal wounds
 l - 24 potions of curing
 o - 7 potions of might
 p - 13 potions of flight
 r - 9 potions of ambrosia {!q}
 t - 6 potions of brilliance
 B - 4 potions of cancellation
 H - 7 potions of resistance
 I - 4 potions of invisibility
 S - 2 potions of berserk rage {!q}
 X - 3 potions of magic
Books
 g - a manual of Dodging
 x - a manual of Shields
Miscellaneous
 m - 8 sacks of spiders
Comestibles
 c - 66 rations


   Skills:
 + Level 21.5 Fighting
 + Level 21.5 Short Blades
 + Level 21.5 Long Blades
 + Level 21.5 Axes
 + Level 21.5 Maces & Flails
 + Level 21.5 Polearms
 + Level 21.5 Staves
 + Level 21.5 Slings
 + Level 21.5 Bows
 + Level 21.5 Crossbows
 + Level 21.5 Throwing
 + Level 21.5 Armour
 + Level 25.3 Dodging
 + Level 21.8 Stealth
 + Level 23.0 Shields
 + Level 21.5 Unarmed Combat
 + Level 22.2 Spellcasting
 + Level 18.8 Conjurations
 + Level 18.7 Hexes
 + Level 18.7 Charms
 + Level 18.8 Summonings
 + Level 18.7 Necromancy
 + Level 18.8 Translocations
 + Level 18.7 Transmutations
 + Level 18.7 Fire Magic
 + Level 18.7 Ice Magic
 + Level 18.7 Air Magic
 + Level 18.7 Earth Magic
 + Level 18.7 Poison Magic
 + Level 23.1 Invocations
 + Level 21.5 Evocations


You had one spell level left.
You knew the following spells:

 Your Spells              Type           Power        Failure   Level  Hunger
a - Fire Storm            Conj/Fire      ########..   2%          9    #......
b - Glaciate              Conj/Ice       ########..   2%          9    #......
c - Iron Shot             Conj/Erth      ########..   1%          6    None
e - Blink                 Tloc           N/A          0%          2    None
f - Statue Form           Tmut/Erth      ########.    1%          6    None
g - Yara's Violent Unrav  Hex/Tmut       ########..   0%          5    None
h - Irradiate             Conj/Tmut      ########..   0%          5    None
i - Controlled Blink      Tloc           N/A          1%          8    None
j - Regeneration          Chrm/Necr      ########..   0%          3    None
k - Tornado               Air            ########..   2%          9    #......
y - Deflect Missiles      Chrm/Air       ########..   1%          6    None
z - Apportation           Tloc           ######       0%          1    None

Your spell library contained the following spells:

 Spells                   Type           Power        Failure   Level  Hunger
 Lehudib's Crystal Spear  Conj/Erth      ########..   1%          8    None
 Animate Skeleton         Necr           N/A          0%          1    None
 Beastly Appendage        Tmut           ######       0%          1    None
 Confusing Touch          Hex            ######       0%          1    None
 Corona                   Hex            #######      0%          1    None
 Flame Tongue             Conj/Fire      #####        0%          1    None
 Freeze                   Ice            ####         0%          1    None
 Infusion                 Chrm           ####         0%          1    None
 Magic Dart               Conj           ####         0%          1    None
 Pain                     Necr           ####         0%          1    None
 Sandblast                Erth           ######       0%          1    None
 Shock                    Conj/Air       ####         0%          1    None
 Sting                    Conj/Pois      ####         0%          1    None
 Summon Butterflies       Summ           ########     0%          1    None
 Summon Small Mammal      Summ           ####         0%          1    None
 Call Imp                 Summ           ########     0%          2    None
 Corpse Rot               Necr           N/A          0%          2    None
 Ensorcelled Hibernation  Hex/Ice        ######       0%          2    None
 Passwall                 Tmut/Erth      ########     0%          2    None
 Poisonous Vapours        Pois/Air       ######       0%          2    None
 Shroud of Golubria       Chrm/Tloc      ########..   0%          2    None
 Slow                     Hex            ########     0%          2    None
 Song of Slaying          Chrm           ########     0%          2    None
 Sticks to Snakes         Tmut           ########     0%          2    None
 Sublimation of Blood     Necr           ########..   0%          2    None
 Swiftness                Chrm/Air       ########     0%          2    None
 Throw Flame              Conj/Fire      ######       0%          2    None
 Throw Frost              Conj/Ice       ######       0%          2    None
 Call Canine Familiar     Summ           ########     0%          3    None
 Conjure Flame            Conj/Fire      ########     0%          3    None
 Gell's Gravitas          Tloc           ########..   0%          3    None
 Ignite Poison            Fire/Tmut/Pois ########     0%          3    None
 Inner Flame              Hex/Fire       ########     0%          3    None
 Lesser Beckoning         Tloc           ########..   0%          3    None
 Mephitic Cloud           Conj/Pois/Air  ########     0%          3    None
 Ozocubu's Armour         Chrm/Ice       ########     0%          3    None
 Portal Projectile        Hex/Tloc       ######       0%          3    None
 Recall                   Summ/Tloc      N/A          0%          3    None
 Spectral Weapon          Hex/Chrm       ########     0%          3    None
 Spider Form              Tmut/Pois      ########..   0%          3    None
 Static Discharge         Conj/Air       ########     0%          3    None
 Stone Arrow              Conj/Erth      ######       0%          3    None
 Summon Guardian Golem    Hex/Summ       ########     0%          3    None
 Teleport Other           Tloc           ########     0%          3    None
 Tukima's Dance           Hex            ########     0%          3    None
 Vampiric Draining        Necr           ########..   0%          3    None
 Airstrike                Air            ########..   0%          4    None
 Animate Dead             Necr           N/A          0%          4    None
 Cause Fear               Hex            ########..   0%          4    None
 Force Lance              Conj/Tloc      ########     0%          4    None
 Ice Form                 Ice/Tmut       ########     0%          4    None
 Leda's Liquefaction      Hex/Erth       ########..   0%          4    None
 Olgreb's Toxic Radiance  Pois           ########     0%          4    None
 Passage of Golubria      Tloc           N/A          0%          4    None
 Petrify                  Tmut/Erth      ########     0%          4    None
 Sticky Flame             Conj/Fire      ########     0%          4    None
 Summon Ice Beast         Ice/Summ       ########     0%          4    None
 Summon Lightning Spire   Summ/Air       ########     0%          4    None
 Throw Icicle             Conj/Ice       ########     0%          4    None
 Agony                    Necr           ########     0%          5    None
 Alistair's Intoxication  Tmut/Pois      ########     0%          5    None
 Blade Hands              Tmut           ########..   0%          5    None
 Bolt of Draining         Conj/Necr      ########..   0%          5    None
 Bolt of Magma            Conj/Fire/Erth ########..   0%          5    None
 Borgnjor's Vile Clutch   Necr/Erth      ########..   0%          5    None
 Dispel Undead            Necr           ########     0%          5    None
 Excruciating Wounds      Chrm/Necr      ########..   0%          5    None
 Fireball                 Conj/Fire      ########..   0%          5    None
 Iskenderun's Battlesphe  Conj/Chrm      ########     0%          5    None
 Lee's Rapid Deconstruct  Erth           ########..   0%          5    None
 Lightning Bolt           Conj/Air       ########..   0%          5    None
 Metabolic Englaciation   Hex/Ice        ########..   0%          5    None
 Silence                  Hex/Air        ########..   0%          5    None
 Summon Demon             Summ           ########..   0%          5    None
 Summon Forest            Summ/Tloc      ########..   0%          5    None
 Summon Mana Viper        Hex/Summ       ########     0%          5    None
 Venom Bolt               Conj/Pois      ########..   0%          5    None
 Bolt of Cold             Conj/Ice       ########..   1%          6    None
 Bolt of Fire             Conj/Fire      ########..   1%          6    None
 Darkness                 Hex            ########..   1%          6    None
 Death Channel            Necr           ########..   1%          6    None
 Dispersal                Tloc           ########..   1%          6    None
 Freezing Cloud           Conj/Ice/Air   ########..   1%          6    None
 Hydra Form               Tmut           ########..   1%          6    None
 Invisibility             Hex            ########     1%          6    None
 Ozocubu's Refrigeration  Ice            ########..   1%          6    None
 Poison Arrow             Conj/Pois      ########..   1%          6    None
 Simulacrum               Ice/Necr       ########..   1%          6    None
 Dragon Form              Tmut           ########..   1%          7    None
 Malign Gateway           Summ/Tloc      ########..   1%          7    None
 Monstrous Menagerie      Summ           ########..   1%          7    None
 Orb of Destruction       Conj           ########..   1%          7    None
 Ring of Flames           Chrm/Fire      ########..   1%          7    None
 Spellforged Servitor     Conj/Summ      ########..   1%          7    None
 Summon Greater Demon     Summ           ########..   1%          7    None
 Summon Hydra             Summ           ########..   1%          7    None
 Chain Lightning          Conj/Air       ########..   1%          8    None
 Discord                  Hex            ########..   1%          8    None
 Disjunction              Tloc           ########..   1%          8    None
 Ignition                 Fire           ########..   1%          8    None
 Summon Horrible Things   Summ           ########..   1%          8    None
 Shatter                  Erth           ########..   2%          9    #......
 Dragon's Call            Summ           ########..   9%          9    #......


Dungeon Overview and Level Annotations

Branches:
Dungeon (15/15)            Temple (1/1) D:6            Lair (6/6) D:9
  Swamp (4/4) Lair:4       Spider (4/4) Lair:3        Slime (5/5) Lair:6
    Orc (2/2) D:9             Elf (3/3) Orc:2        Vaults (5/5) D:13
  Crypt (0/3) Vaults:2     Depths (5/5) D:15            Zot (5/5) Depths:5

Altars:
Ashenzari
Cheibriados
Dithmenos
Elyvilon
Fedhas
Gozag
Hepliaklqana
Kikubaaqudgha
Makhleb
Nemelex Xobeh
Okawaru
Qazlal
Ru
Sif Muna
Trog
Uskayaw
Vehumet
Wu Jian
Xom
Yredelemnul
Zin
The Shining One
Beogh
Jiyva
Lugonu

Shops:
D:4 (   D:14 *[!*   D:15 (   Orc:2 =[(?(   Elf:2 =?:*   Elf:3 ?   Vaults:1 ?*
Vaults:4 ?   Depths:3 :

Portals:
Hell: Depths:1 Depths:2 Depths:3 Depths:4 Depths:5
Abyss: Depths:1 Depths:2 Depths:3 Depths:4 Depths:5
Pandemonium: Depths:3

Annotations:
Pan Lom Lobon


Innate Abilities, Weirdness & Mutations

Your experience applies equally to all skills.
You have very sharp teeth.
Your uncanny sense of smell can sniff out nearby items.
((You are partially covered in icy blue scales. (AC +2)))
You can translocate small distances at will.
Your flesh is cold resistant. (rC+)
Your body sometimes deteriorates upon taking damage.
You passively map the area around you.
You sometimes yell uncontrollably at your foes.
You do not regenerate when monsters are visible.
Your movements are slightly less encumbered by armour. (ER -2)


Message History

Lom Lobon gestures at you.
Lom Lobon conjures a mighty blast of ice!
The great icy blast engulfs the ball lightning.
The ball lightning partially resists.
The ball lightning explodes!
The blast of lightning engulfs Lom Lobon.
Lom Lobon completely resists.
The blast of lightning engulfs the ball lightning.
The ball lightning completely resists.
The blast of lightning engulfs you! You resist.
The blast of lightning engulfs the ball lightning.
The ball lightning completely resists.
The blast of lightning engulfs the ball lightning.
The ball lightning completely resists.
The great icy blast engulfs you! You partially resist.
* * * LOW HITPOINT WARNING * * *
You are encased in ice.
You hear a shout!
Unknown command.
Unknown command.
Unknown command.
Unknown command.
Unknown command.
Unknown command.
Unknown command.
You take 48 damage, and have 44/297 hp.
You now have 18/49 mp.
Unknown command.
Unknown command.
Unknown command.
Blink to where?
Press: ? - help, Dir - move target cursor You are very lightly contaminated with residual magic.
As you read the scroll of blinking, it crumbles to dust.
The ball lightning explodes!
The blast of lightning engulfs the ball lightning.
The ball lightning completely resists.
The blast of lightning engulfs Lom Lobon.
Lom Lobon completely resists.
The blast of lightning engulfs the ball lightning.
The ball lightning completely resists.
The blast of lightning engulfs you!
The ball lightning explodes!
The blast of lightning engulfs the ball lightning.
The ball lightning completely resists.
The blast of lightning engulfs the ball lightning.
The ball lightning completely resists.
The blast of lightning engulfs you!
The blast of lightning engulfs Lom Lobon.
Lom Lobon completely resists.
The ynoxinul gestures.
Lom Lobon gestures.
A great vortex of raging winds appears around Lom Lobon!
Unknown command.
Unknown command.
Unknown command.
Casting: Regeneration (safe; 0% risk of failure)
Confirm with . or Enter, or press ? or * to list all spells.
Aiming: Fire Storm (slightly dangerous; 2% risk of failure)
Press: ? - help, Dir - move target cursor, f - ufetubus
Aim: an ufetubus (summoned)
A raging storm of fire appears!
The great blast of fire engulfs the ufetubus.
The ufetubus is burned terribly!
You kill the ufetubus!
The great blast of fire engulfs Lom Lobon.
Lom Lobon partially resists.
Lom Lobon is severely wounded.
The great blast of fire engulfs the ynoxinul.
You kill the ynoxinul!
Vehumet accepts your kill.
You feel your power returning.
The ufetubus disappears in a puff of smoke!
You hear a sizzling sound!
The great blast of fire engulfs the ball lightning.
The ball lightning partially resists.
The ball lightning explodes!
The blast of lightning engulfs Lom Lobon.
Lom Lobon completely resists.
The blast of lightning engulfs the ball lightning.
The ball lightning completely resists.
The blast of lightning engulfs you! You resist.
* * * LOW HITPOINT WARNING * * *
Vehumet accepts your kill.
The great blast of fire engulfs the ball lightning.
The ball lightning partially resists.
The ball lightning explodes!
The blast of lightning engulfs Lom Lobon.
Lom Lobon completely resists.
Vehumet accepts your kill.
The vortex of raging winds lifts you up.
You fly up into the air.
* * * LOW HITPOINT WARNING * * *
Unknown command.
You feel much better.
You are engulfed in freezing vapours.
You resist.
Your fire vortex dissipates!
* * * LOW HITPOINT WARNING * * *
Your fire vortex dissipates! x2
Lom Lobon is engulfed in blazing flames.
Lom Lobon screams, "Flee, thou droning motley-minded dewberry!"
Lom Lobon gestures at you.
Lom Lobon conjures a mighty blast of ice!
The great icy blast engulfs you! You partially resist.
You die...

, , ,, , ###.###))).... *
## ### ### ###.##########
* *..##..##.# #.....#
*.##.. , .........#
#.#.#.# ..... , ,
.......§§###§§§§.###.....
,
.......§§§§§§§§§.........
, ,
,.......§§§§§§§§§)........
,,
........§§§§§§§§)..)..%..
.....§§§8§§&§§§§...).....
##...§§#§§§#§§§§...#)....
#.....#§§§#§§§#)..#..... ,
#....§#§§§#v§§#...#.#..# *
#....§#.§.#...#..)#.....
,#...§§#§§§#&..#...######
* .'..##§#§§§#...#...##.#
* .#.. #.#...#...#...##.#
* #...#...#...##.#


You could see Lom Lobon.

Vanquished Creatures
  the Royal Jelly (Slime:5)
  Gloorx Vloq (Pan)
  Mnoleg (Pan)
  12 orbs of fire
  8 ancient liches
  5 juggernauts
  Mara (Vaults:4)
  2 greater mummies
  The ghost of Fub Itsi the Metallomancer, a veteran GrWz of Vehumet (Vaults:3)
  2 caustic shrikes
  Margery (Depths:4)
  The ghost of hairmachine the Slayer, an adept OgWz of Ashenzari (Depths:2)
  2 curse toes (Zot:4)
  9 Killer Klowns
  11 golden dragons
  A profane servitor (Pan)
  Nikola (Vaults:3)
  8 pandemonium lords
  2 bone dragons
  Arachne (Spider:2)
  3 Brimstone Fiends (Pan)
  A Tzitzimitl (Pan)
  6 electric golems
  Rupert (Lair:5)
  22 tentacled monstrosities
  A Hell Sentinel (Pan)
  2 Ice Fiends
  25 Orb Guardians (Zot:5)
  8 liches
  49 large abominations
  8 titans
  2 deep elf blademasters
  23 Executioners (Pan)
  13 quicksilver dragons
  3 deep elf master archers
  7 tentacled starspawn
  8 death cobs
  Gastronok (Lair:4)
  27 acid blobs
  6 sphinxes
  17 storm dragons
  Agnes (Spider:1)
  15 shadow dragons
  Kirke (Lair:3)
  2 thorn hunters (Swamp:1)
  24 azure jellies
  8 tengu reavers
  A revenant (Zig:6)
  Roxanne (Spider:1)
  11 draconian knights
  A nagaraja (Zig:15)
  A blood saint (Pan)
  13 ghost moths
  13 vault wardens
  10 draconian monks
  6 fire giants
  9 orc warlords
  16 balrugs
  5 frost giants
  13 cacodemons
  4 iron dragons
  14 draconian shifters
  10 deep elf sorcerers
  2 curse skulls (Pan)
  4 draconian scorchers
  7 emperor scorpions
  Louise (Swamp:3)
  An angel (Pan)
  3 spriggan defenders
  13 ironheart preservers
  3 war gargoyles
  21 draconian annihilators
  6 reapers
  9 draconian stormcallers
  8 deep elf elementalists
  6 vampire knights
  26 stone giants
  A juggernaut skeleton (Zig:9)
  The ghost of Zomamuj the Pandemonic, a journeyman DDFi of Makhleb (D:14)
  A bennu (Zig:19)
  An ophan (Zig:1)
  An entropy weaver (Zig:10)
  29 very ugly things
  8 deep elf demonologists
  2 corrupters (Pan)
  10 deep elf annihilators
  15 black draconians
  5 lorocyprocas
  Azrael (D:15)
  12 yellow draconians
  19 white draconians
  2 dire elephants (Abyss:3)
  13 green draconians
  13 red draconians
  33 purple draconians
  The ghost of feelmyfire the Severer, a journeyman HOAK of Lugonu (D:12)
  7 ettins
  2 minotaurs (shapeshifter)
  3 mummy priests
  8 deep elf death magi
  12 blizzard demons (Pan)
  2 eidola (Zig:6)
  13 green deaths (Pan)
  2 merfolk javelineers (Zig:13)
  Josephine (D:14)
  A crystal guardian (Zig:16)
  11 death oozes
  3 merfolk impalers
  14 fire dragons
  8 deep elf high priests
  20 yaktaur captains
  10 ice dragons
  24 hydras
  19 great orbs of eyes
  28 vault guards
  2 ghost crabs
  4 jiangshi
  A spectral shadow dragon (D:14)
  10 rakshasas
  2 monstrous demonspawn (Pan)
  4 spriggan air magi
  An anaconda (Zig:15)
  4 death knights
  14 centaur warriors
  46 two-headed ogres
  15 ogre magi
  8 death yaks
  9 merfolk aquamancers (Zig:15)
  2 alligator snapping turtles (Zig:15)
  4 deep troll shamans
  32 dancing weapons
  2 vampire magi
  Erica (D:10)
  8 alligators
  A hell hog (Zig:14)
  A satyr (Zig:13)
  3 death scarabs (Zig:8)
  3 tengu warriors
  8 thrashing horrors
  3 naga sharpshooters (Zig:13)
  10 orc high priests
  7 deep troll earth magi
  21 small abominations
  6 hell knights
  3 spriggan berserkers
  23 sun demons (Pan)
  19 soul eaters (Pan)
  27 deep elf knights
  7 wretched stars
  5 spatial maelstroms
  2 iron trolls (Depths:5)
  2 storm dragon skeletons
  A titan skeleton (Zig:7)
  6 shadow demons
  16 sixfirhies
  6 flayed ghosts
  6 spriggan druids
  3 unseen horrors
  8 shadow wraiths
  A deep troll (shapeshifter) (Zig:17)
  3 sea snakes
  2 naga ritualists (Zig:15)
  7 skeletal warriors
  A spark wasp zombie (Zig:9)
  A death drake (Abyss:2)
  24 deep trolls
  2 unseen horrors (shapeshifter)
  An orange crystal statue (Depths:4)
  A sea snake (shapeshifter) (Depths:4)
  5 glowing orange brains
  2 torturous demonspawn (Pan)
  12 swamp dragons
  22 deep elf archers
  An obsidian statue (Zig:4)
  22 ironbrand convokers
  3 necromancers
  6 phantasmal warriors
  2 gelid demonspawn
  14 wizards
  11 orb spiders
  28 orc knights
  A wolf spider zombie (D:12)
  Pikel (D:7)
  4 harpies (Vaults:3)
  A tengu zombie (Zig:8)
  35 wolf spiders
  4 oklob plants (Zig:18)
  A lindwurm (shapeshifter) (Vaults:5)
  A wolf spider (shapeshifter) (D:11)
  A faun (shapeshifter) (Zig:17)
  2 mana vipers (shapeshifter)
  76 ugly things
  9 orc sorcerers
  2 shadow dragon skeletons (Pan)
  8 shining eyes
  2 manticores (Zig:5)
  36 moths of wrath
  An orb spider (shapeshifter) (Elf:3)
  A worldbinder (Abyss:2)
  2 cyclopes (shapeshifter)
  69 deep elf magi
  121 slime creatures
  3 fire giant skeletons
  2 salamanders
  13 cyclopes
  An elephant (Abyss:3)
  6 fauns (Zig:13)
  Maurice (D:12)
  2 rust devils
  6 apocalypse crabs
  3 torpor snails
  A black mamba (shapeshifter) (Vaults:2)
  A stone giant skeleton (Pan)
  11 vault sentinels
  4 eyes of devastation
  40 smoke demons
  2 guardian serpents
  5 spectral swamp worms (Depths:1)
  A dire elephant skeleton (Pan)
  20 spiny frogs
  9 black mambas
  15 orange demons
  4 efreet (Pan)
  47 yaktaurs
  A yaktaur (shapeshifter) (D:15)
  A shock serpent skeleton (Pan)
  4 hellions
  8 komodo dragons
  4 rime drakes
  A kobold demonologist (D:13)
  8 tormentors (Pan)
  9 demonic crawlers
  9 freezing wraiths
  2 ice devils
  An entropy weaver simulacrum (Vaults:1)
  24 hellwings
  6 ancient zymes
  8 guardian mummies
  22 red devils
  2 tengu conjurers
  8 trolls
  3 merfolk
  24 jumping spiders
  A wind drake (shapeshifter) (Zig:16)
  A polar bear (shapeshifter) (Vaults:4)
  A meliai (shapeshifter) (Vaults:4)
  24 raiju
  Prince Ribbit (D:7)
  2 dream sheep (Lair:2)
  9 tyrant leeches
  19 hornets
  A hydra skeleton (Pan)
  17 blink frogs
  2 ice dragon zombies
  A fire dragon zombie (D:14)
  A spriggan zombie (Zig:9)
  A snapping turtle (Zig:5)
  17 bog bodies
  16 hippogriffs
  A hippogriff (shapeshifter) (Depths:2)
  18 spriggans
  61 redbacks
  A fire dragon skeleton (Pan)
  20 starcursed masses
  3 ettin skeletons
  5 water elementals
  4 flying skulls
  A vampire (D:13)
  19 ynoxinuls
  2 ushabtiu (Zig:8)
  4 shadows
  3 spriggans (shapeshifter)
  39 tarantellas
  An air elemental (Elf:2)
  8 wraiths
  5 fire elementals
  13 wyverns
  48 yaks
  2 hogs (Lair:4)
  12 vampire mosquitoes
  15 golden eyes
  4 basilisks
  14 chaos spawn
  2 hogs (shapeshifter)
  22 neqoxecs
  Grum (D:9)
  A human (shapeshifter) (Depths:3)
  5 steam dragons
  2 hungry ghosts
  A spatial vortex (Abyss:3)
  16 wargs
  2 soldier ants
  A human zombie (Zig:7)
  2 swamp worms (shapeshifter)
  3 acid dragons
  17 insubstantial wisps
  13 swamp worms
  5 porcupines
  14 swamp drakes
  17 water moccasins
  2 hell hounds (D:15)
  A floating eye (Depths:4)
  71 orc warriors
  4 slaves
  11 eyes of draining
  A phantom (D:9)
  2 black bears
  A manticore zombie (Abyss:1)
  5 ice beasts
  6 sky beasts
  A spiny frog skeleton (Pan)
  44 ogres
  19 wolves
  2 elf skeletons
  2 necrophages
  30 centaurs
  8 boggarts
  A snapping turtle skeleton (Pan)
  5 elf zombies
  5 big kobolds
  22 crocodiles
  Blork the orc (D:6)
  23 bullfrogs
  A gnoll sergeant (D:6)
  An earth elemental (Zig:14)
  2 scorpions
  A wyvern skeleton (D:13)
  A hornet simulacrum (D:12)
  6 killer bees
  19 wights
  11 howler monkeys
  2 electric eels (Lair:2)
  A bullfrog zombie (D:11)
  11 crimson imps
  5 centaur zombies
  5 jellies
  A quasit (Depths:3)
  5 hounds
  29 orc priests
  7 centaur skeletons
  A gnoll shaman (D:6)
  4 iron imps
  34 orc wizards
  5 bullfrog skeletons
  7 worker ants
  7 iguanas
  A lightning spire (Zig:12)
  2 big kobold zombies (Ossuary)
  3 bullfrog simulacra (D:12)
  4 centaur simulacra (D:12)
  2 hound zombies
  9 mummies
  9 adders
  16 gnolls
  3 shadow imps
  3 white imps
  An ufetubus (Abyss:1)
  2 oozes
  An adder skeleton (D:5)
  7 adder zombies
  2 worms
  6 ball lightnings (Pan)
  7 leopard geckos
  107 orcs
  5 bats
  5 giant cockroaches
  2 gnoll zombies (Ossuary)
  7 goblins
  7 hobgoblins
  8 jackals (D:9)
  22 kobolds
  8 quokkas
  A ball python (D:5)
  4 frilled lizards
  4 goblin zombies (Ossuary)
  A hobgoblin zombie (Ossuary)
  6 jackal zombies (Ossuary)
  3 kobold zombies (Ossuary)
  3 leopard gecko skeletons
  4 orc zombies (Ossuary)
  2 quokka zombies (Ossuary)
  8 rats
  2 rat zombies (Ossuary)
  A block of ice (Pan)
  2 crawling corpses (Vaults:5)
  10 fire vortices (Pan)
  2 fungi
  3 plants
  3 starspawn tentacles
3488 creatures vanquished.

Vanquished Creatures (collateral kills)
  A tentacled starspawn (Zig:16)
  A ghost moth (Zig:10)
  A reaper (Pan)
  A titan zombie (Zig:7)
  A torturous demonspawn (Pan)
  A swamp dragon (Zig:15)
  A wolf spider (Spider:4)
  A large abomination (Zig:14)
  A moth of wrath (Zig:18)
  A black mamba (Lair:3)
  An elf zombie (Zig:14)
  A slime creature (Zig:12)
  2 redbacks (Spider:4)
  A fire elemental (Lair:3)
  2 yaks (Lair:3)
  An ogre (Zig:18)
  An orc priest (Zig:18)
  A jelly (Zig:16)
  A starspawn tentacle (Zig:16)
21 creatures vanquished.

Vanquished Creatures (others)
  A tentacled monstrosity (Swamp:4)
  A draconian scorcher (Zot:4)
  A ghost moth (Zot:3)
  A draconian knight (Zot:4)
  An emperor scorpion (Zig:15)
  An ironheart preserver (Vaults:1)
  A stone giant (Depths:1)
  A blood saint (Pan)
  A black draconian (Zot:4)
  2 deep elf annihilators (Pan)
  2 yaktaur captains
  A hydra (Swamp:4)
  An alligator (Swamp:1)
  2 deep elf knights (Elf:2)
  A sixfirhy (Pan)
  2 sun demons (Pan)
  A deep troll (Vaults:3)
  2 wizards (Pan)
  2 deep elf archers
  An ironbrand convoker (Vaults:3)
  A wolf spider (Spider:3)
  An orange demon (Pan)
  12 yaktaurs
  A hellwing (Pan)
  2 efreet (Pan)
  A red devil (Pan)
  A spatial vortex (Abyss:3)
  A centaur (Depths:2)
  A small abomination (Abyss:2)
  2 orc wizards
  A white imp (Abyss:2)
  35 ball lightnings (Pan)
  9 blocks of ice (Pan)
  249 fire vortices
  31 fungi
  2 lurking horrors
  51 plants
427 creatures vanquished.

Grand Total: 3936 creatures vanquished

Notes
Turn   | Place    | Note
-------+----------+-------------------------------------------
     0 | D:1      | Monsterracer the Gnoll Wizard began the quest for the Orb.
     0 | D:1      | Reached XP level 1. HP: 13/13 MP: 8/8
    97 | D:1      | Reached XP level 2. HP: 16/20 MP: 0/10
   118 | D:1      | HP: 10/20 [kobold (3)]
   471 | D:1      | Reached XP level 3. HP: 25/25 MP: 8/11
   475 | D:1      | Learned a level 2 spell: Blink
   491 | D:1      | Learned a level 3 spell: Conjure Flame
   495 | D:1      | Learned a level 3 spell: Mephitic Cloud
   708 | D:1      | Reached skill level 1 in Invocations
  1076 | D:2      | Reached skill level 1 in Fighting
  1076 | D:2      | Reached skill level 1 in Short Blades
  1076 | D:2      | Reached skill level 1 in Long Blades
  1076 | D:2      | Reached skill level 1 in Axes
  1076 | D:2      | Reached skill level 1 in Maces & Flails
  1076 | D:2      | Reached skill level 1 in Polearms
  1076 | D:2      | Reached skill level 1 in Staves
  1076 | D:2      | Reached skill level 1 in Slings
  1076 | D:2      | Reached skill level 1 in Bows
  1076 | D:2      | Reached skill level 1 in Crossbows
  1076 | D:2      | Reached skill level 1 in Throwing
  1076 | D:2      | Reached skill level 1 in Armour
  1076 | D:2      | Reached skill level 1 in Shields
  1076 | D:2      | Reached skill level 1 in Unarmed Combat
  1076 | D:2      | Reached skill level 1 in Evocations
  1091 | D:2      | Reached XP level 4. HP: 24/32 MP: 5/13
  2020 | D:3      | Found a hazy altar of Hepliaklqana.
  2114 | D:3      | Reached skill level 1 in Hexes
  2114 | D:3      | Reached skill level 1 in Charms
  2114 | D:3      | Reached skill level 1 in Necromancy
  2114 | D:3      | Reached skill level 1 in Transmutations
  2114 | D:3      | Reached skill level 1 in Fire Magic
  2114 | D:3      | Reached skill level 1 in Ice Magic
  2114 | D:3      | Reached skill level 1 in Air Magic
  2114 | D:3      | Reached skill level 1 in Earth Magic
  2114 | D:3      | Reached skill level 1 in Poison Magic
  2390 | D:3      | Reached XP level 5. HP: 37/37 MP: 8/14
  2806 | D:4      | Found a transporter.
  3117 | D:4      | Found a shattered altar of Ashenzari.
  3275 | D:4      | Found a transporter.
  3347 | D:4      | Found Zerux's Weapon Boutique.
  3466 | D:4      | Reached XP level 6. HP: 38/44 MP: 2/16
  4019 | D:4      | HP: 22/44 [shadow imp/nerve-wracking pain (9)]
  4225 | D:5      | Entered Level 5 of the Dungeon
  4238 | D:5      | Reached skill level 5 in Dodging
  4553 | D:5      | HP: 17/44 [bullfrog (9)]
  4558 | D:5      | HP: 10/44 [bullfrog (3)]
  4562 | D:5      | Reached XP level 7. HP: 9/50 MP: 1/18
  4858 | D:5      | HP: 25/50 [ice beast (4)]
  4859 | D:5      | HP: 8/50 [ice beast (5)]
  5127 | D:4      | HP: 21/50 [shadow imp/nerve-wracking pain (12)]
  5859 | D:6      | Noticed Pikel
  5916 | D:5      | HP: 23/51 [slave[Pikel] (9)]
  6426 | D:6      | Noticed Blork the orc
  6504 | D:6      | Killed Blork the orc
  6504 | D:6      | Reached skill level 5 in Stealth
  6639 | D:6      | HP: 24/51 [black bear (5)]
  6643 | D:6      | HP: 11/51 [black bear (8)]
  6663 | D:6      | Reached XP level 8. HP: 16/57 MP: 8/19
  6722 | D:6      | HP: 23/57 [gnoll shaman/club (5)]
  6758 | D:6      | HP: 23/57 [something (1)]
  6759 | D:6      | HP: 9/57 [sky beast (6)]
  6792 | D:6      | HP: 15/57 [sky beast (1)]
  7796 | D:6      | HP: 29/58 [poisoned by a gnoll sergeant]
  7801 | D:6      | HP: 27/58 [poisoned by a gnoll sergeant]
  7807 | D:6      | HP: 25/58 [poisoned by a gnoll sergeant]
  7815 | D:6      | HP: 25/58 [poisoned by a gnoll sergeant]
  7821 | D:6      | HP: 24/58 [poisoned by a gnoll sergeant]
  7826 | D:6      | HP: 16/58 [poisoned by a gnoll sergeant]
  7831 | D:6      | HP: 12/58 [poisoned by a gnoll sergeant]
  7837 | D:6      | HP: 9/58 [poisoned by a gnoll sergeant]
  7843 | D:6      | HP: 7/58 [poisoned by a gnoll sergeant]
  7851 | D:6      | HP: 7/58 [poisoned by a gnoll sergeant]
  7859 | D:6      | HP: 6/58 [poisoned by a gnoll sergeant]
  8247 | D:6      | Found a staircase to the Ecumenical Temple.
  8256 | Temple   | Entered the Ecumenical Temple
  8422 | Temple   | Became a worshipper of Vehumet
  8679 | D:7      | Killed Pikel
  8679 | D:7      | Reached skill level 6 in Dodging
  8679 | D:7      | Reached XP level 9. HP: 53/65 MP: 13/21
  8709 | D:7      | HP: 24/65 [hippogriff (9)]
  8985 | D:6      | HP: 32/65 [hippogriff (2)]
  8989 | D:6      | HP: 15/65 [hippogriff (1)]
  8991 | D:6      | HP: 4/65 [hippogriff (10)]
  8991 | D:6      | HP: 1/65 [hippogriff (3)]
  9634 | D:7      | Reached * piety under Vehumet
  9634 | D:7      | Offered knowledge of Sting by Vehumet.
  9659 | D:7      | Noticed Prince Ribbit
  9666 | D:7      | Found an opulent altar of Gozag.
  9671 | D:7      | Killed Prince Ribbit
  9937 | D:8      | Reached skill level 5 in Invocations
 10075 | D:8      | Learned a level 1 spell: Apportation
 10153 | D:8      | Found a sand-covered staircase.
 10162 | Ossuary  | Entered an ossuary
 10258 | Ossuary  | Reached XP level 10. HP: 73/73 MP: 22/22
 10281 | Ossuary  | Offered knowledge of Flame Tongue by Vehumet.
 10284 | Ossuary  | Learned a level 1 spell: Flame Tongue
 10308 | Ossuary  | Reached ** piety under Vehumet
 10833 | D:8      | Offered knowledge of Ignite Poison by Vehumet.
 10936 | D:8      | Reached skill level 5 in Fighting
 10936 | D:8      | Reached skill level 5 in Short Blades
 10936 | D:8      | Reached skill level 5 in Long Blades
 10936 | D:8      | Reached skill level 5 in Axes
 10936 | D:8      | Reached skill level 5 in Maces & Flails
 10936 | D:8      | Reached skill level 5 in Polearms
 10936 | D:8      | Reached skill level 5 in Staves
 10936 | D:8      | Reached skill level 5 in Slings
 10936 | D:8      | Reached skill level 5 in Bows
 10936 | D:8      | Reached skill level 5 in Crossbows
 10936 | D:8      | Reached skill level 5 in Throwing
 10936 | D:8      | Reached skill level 5 in Armour
 10936 | D:8      | Reached skill level 5 in Shields
 10936 | D:8      | Reached skill level 5 in Unarmed Combat
 10936 | D:8      | Reached skill level 5 in Evocations
 10941 | D:8      | Learned a level 3 spell: Ignite Poison
 11502 | D:9      | Reached *** piety under Vehumet
 11511 | D:9      | Reached skill level 7 in Dodging
 11680 | D:9      | Found a staircase to the Orcish Mines.
 11733 | D:9      | Found a staircase to the Lair.
 11773 | D:9      | HP: 34/74 [hippogriff (5)]
 11789 | D:9      | Offered knowledge of Inner Flame by Vehumet.
 12170 | D:9      | Reached skill level 5 in Conjurations
 12170 | D:9      | Reached skill level 5 in Summonings
 12170 | D:9      | Reached skill level 5 in Translocations
 12171 | D:9      | Noticed Grum
 12179 | D:9      | Killed Grum
 12871 | D:10     | Entered Level 10 of the Dungeon
 12871 | D:10     | Noticed Sonja
 12890 | D:9      | HP: 36/75 [poisoned by something (curare-tipped needle)]
 12895 | D:9      | HP: 27/75 [poisoned by something (curare-tipped needle)]
 12900 | D:9      | HP: 23/75 [poisoned by something (curare-tipped needle)]
 12905 | D:9      | HP: 21/75 [poisoned by something (curare-tipped needle)]
 12911 | D:9      | HP: 20/75 [poisoned by something (curare-tipped needle)]
 12917 | D:9      | HP: 20/75 [poisoned by something (curare-tipped needle)]
 13166 | D:10     | Noticed Sonja
 13166 | D:10     | Sonja changed into Sonja the shapeshifter
 13167 | D:10     | Noticed Sonja
 13167 | D:10     | Sonja the shapeshifter changed into Sonja the hog
 13176 | D:10     | Killed Sonja the hog
 13179 | D:10     | HP: 37/75 [something (3)]
 13445 | D:10     | Reached XP level 11. HP: 49/81 MP: 15/24
 13623 | D:10     | Killed an unseen horror
 13623 | D:10     | Reached **** piety under Vehumet
 13956 | D:10     | Offered knowledge of Yara's Violent Unravelling by Vehumet.
 13975 | D:10     | Learned a level 5 spell: Yara's Violent Unravelling
 14221 | D:10     | Reached skill level 5 in Hexes
 14221 | D:10     | Reached skill level 5 in Charms
 14221 | D:10     | Reached skill level 5 in Necromancy
 14221 | D:10     | Reached skill level 5 in Transmutations
 14221 | D:10     | Reached skill level 5 in Fire Magic
 14221 | D:10     | Reached skill level 5 in Ice Magic
 14221 | D:10     | Reached skill level 5 in Air Magic
 14221 | D:10     | Reached skill level 5 in Earth Magic
 14221 | D:10     | Reached skill level 5 in Poison Magic
 14391 | D:10     | Noticed Erica
 14402 | D:10     | Killed Erica
 15079 | D:11     | Found a flagged portal.
 15199 | Bailey   | Entered a bailey
 15345 | Bailey   | Noticed an orc knight
 15361 | Bailey   | HP: 35/83 [orc knight/war axe (9)]
 15363 | Bailey   | Killed an orc knight
 15363 | Bailey   | Reached skill level 8 in Dodging
 15573 | Bailey   | Found an iron altar of Okawaru.
 15653 | D:11     | Noticed a two-headed ogre
 15669 | D:11     | Killed a two-headed ogre
 15834 | D:11     | Noticed a wolf spider
 15840 | D:11     | Killed a wolf spider
 15849 | D:11     | HP: 41/83 [poisoned by a wolf spider]
 15854 | D:11     | HP: 36/83 [poisoned by a wolf spider]
 15859 | D:11     | HP: 32/83 [poisoned by a wolf spider]
 15864 | D:11     | HP: 30/83 [poisoned by a wolf spider]
 15871 | D:11     | HP: 29/83 [poisoned by a wolf spider]
 15878 | D:11     | HP: 29/83 [poisoned by a wolf spider]
 15886 | D:11     | HP: 29/83 [poisoned by a wolf spider]
 16195 | D:11     | Noticed a red ugly thing
 16203 | D:11     | HP: 30/83 [red ugly thing (15)]
 16204 | D:11     | Killed a red ugly thing
 16204 | D:11     | Reached XP level 12. HP: 32/89 MP: 17/25
 17064 | Lair:1   | Entered Level 1 of the Lair of Beasts
 17122 | Lair:1   | Reached skill level 10 in Spellcasting
 17284 | Lair:1   | HP: 44/89 [poisoned by a spiny frog]
 17290 | Lair:1   | HP: 43/89 [poisoned by a spiny frog]
 17296 | Lair:1   | HP: 42/89 [poisoned by a spiny frog]
 17304 | Lair:1   | HP: 42/89 [poisoned by a spiny frog]
 17809 | Lair:1   | Noticed a five-headed hydra
 17864 | Lair:1   | HP: 45/91 [poisoned by a water moccasin]
 17869 | Lair:1   | HP: 40/91 [poisoned by a water moccasin]
 17874 | Lair:1   | HP: 37/91 [poisoned by a water moccasin]
 17879 | Lair:1   | HP: 28/91 [poisoned by a water moccasin]
 17884 | Lair:1   | HP: 24/91 [poisoned by a water moccasin]
 17890 | Lair:1   | HP: 20/91 [poisoned by a water moccasin]
 17895 | Lair:1   | HP: 18/91 [poisoned by a water moccasin]
 17900 | Lair:1   | HP: 18/91 [poisoned by a water moccasin]
 17907 | Lair:1   | HP: 17/91 [poisoned by a water moccasin]
 17915 | Lair:1   | HP: 17/91 [poisoned by a water moccasin]
 18287 | Lair:1   | You fall through a shaft!
 18318 | Lair:2   | HP: 42/91 [komodo dragon (23)]
 18323 | Lair:2   | HP: 39/91 [poisoned by a black mamba]
 18328 | Lair:2   | HP: 38/91 [poisoned by a black mamba]
 18334 | Lair:2   | HP: 31/91 [poisoned by a black mamba]
 18342 | Lair:2   | HP: 31/91 [poisoned by a black mamba]
 18549 | Lair:2   | HP: 39/91 [spiny frog (26)]
 18558 | Lair:2   | HP: 9/91 [spiny frog (16)]
 18558 | Lair:2   | HP: 3/91 [spiny frog (6)]
 19104 | Lair:1   | Upgraded the game from 0.22.0-40-g68aacdc to
                  | 0.22.0-49-gab54619
 19310 | Lair:1   | Reached ***** piety under Vehumet
 19459 | Lair:1   | Killed a five-headed hydra
 19850 | Lair:2   | Offered knowledge of Ozocubu's Refrigeration by Vehumet.
 20830 | Lair:2   | Reached skill level 9 in Dodging
 21054 | Lair:3   | Reached XP level 13. HP: 78/98 MP: 20/27
 21076 | Lair:2   | HP: 48/98 [hippogriff (6)]
 22171 | Lair:3   | Found a hole to the Spider Nest.
 22299 | Lair:4   | Noticed Gastronok
 22329 | Lair:4   | Killed Gastronok
 22462 | Lair:4   | Noticed Kirke
 22494 | Lair:3   | HP: 49/98 [barbs]
 22718 | Lair:3   | Killed Kirke
 23271 | Lair:4   | Learned a level 5 spell: Irradiate
 23973 | Lair:4   | Found a staircase to the Swamp.
 24815 | Lair:5   | Noticed Rupert
 24824 | Lair:5   | HP: 47/99 [Rupert/great mace of draining (5)]
 24825 | Lair:5   | HP: 23/99 [Rupert/great mace of draining (24)]
 24987 | Lair:5   | HP: 41/99 [spiny frog (21)]
 25262 | Lair:5   | HP: 31/99 [Rupert/great mace of draining (21)]
 25263 | Lair:5   | Killed Rupert
 25268 | Lair:5   | HP: 25/99 [six-headed hydra (2)]
 25271 | Lair:5   | HP: 11/99 [six-headed hydra (2)]
 25272 | Lair:5   | Reached XP level 14. HP: 12/106 MP: 8/29
 25769 | Lair:5   | You fall through a shaft!
 25769 | Lair:6   | Entered Level 6 of the Lair of Beasts
 25978 | Lair:6   | Offered knowledge of Bolt of Fire by Vehumet.
 26001 | Lair:6   | Learned a level 6 spell: Bolt of Fire
 26164 | Lair:6   | Reached skill level 10 in Dodging
 26599 | Lair:6   | Found a viscous altar of Jiyva.
 26600 | Lair:6   | Found a staircase to the Slime Pits.
 26840 | Lair:6   | HP: 51/108 [death yak (18)]
 26852 | Lair:6   | HP: 47/108 [death yak (7)]
 26859 | Lair:5   | HP: 46/108 [death yak (3)]
 26861 | Lair:5   | Reached skill level 10 in Stealth
 27371 | Lair:6   | Reached skill level 10 in Invocations
 28714 | Lair:6   | HP: 50/108 [fire vortex[miscasting Bolt of Fire] (15)]
 28716 | Lair:6   | HP: 21/108 [fire dragon/blast of flame (30)]
 28723 | Lair:6   | Gained mutation: You are occasionally teleported next to
                  | monsters. [mutagenic glow]
 28729 | Lair:6   | HP: 22/108 [basilisk (3)]
 29588 | D:12     | Reached XP level 15. HP: 95/114 MP: 12/30
 29918 | D:12     | Noticed Maurice
 30019 | D:12     | Killed Maurice
 30111 | D:12     | Found a runed gate.
 30111 | D:12     | Found a runed gate.
 30111 | D:12     | Found a runed gate.
 30181 | D:12     | Noticed feelmyfire's ghost (journeyman HOAK)
 30237 | D:12     | Offered knowledge of Bolt of Magma by Vehumet.
 30294 | D:12     | Lost mutation: You are occasionally teleported next to
                  | monsters. [potion of mutation]
 30294 | D:12     | Gained mutation: Scrolls take you a little longer to read.
                  | [potion of mutation]
 30294 | D:12     | Gained mutation: You are weak. (Str -2) [potion of
                  | mutation]
 30294 | D:12     | Lost mutation: Scrolls take you a little longer to read.
                  | [potion of mutation]
 30893 | D:12     | Killed feelmyfire's ghost
 30931 | D:12     | Got the ring of Ischo {Fire}
 30933 | D:12     | Identified the ring of Ischo {Fire Str+4 SInv} (You found
                  | it on level 12 of the Dungeon)
 31095 | Orc:1    | Entered Level 1 of the Orcish Mines
 31465 | Orc:2    | Entered Level 2 of the Orcish Mines
 32316 | Orc:1    | You fall through a shaft!
 32619 | Orc:2    | Found Laowkaku's Antique Weapon Shoppe.
 32623 | Orc:2    | Found a staircase to the Elven Halls.
 32627 | Orc:2    | Bought a pitted eveningstar for 540 gold pieces
 32627 | Orc:2    | Identified the +9 eveningstar of Hothot {flame, MR+ Int+3}
                  | (You bought it in a shop on level 2 of the Orcish Mines)
 33167 | Orc:2    | Reached ****** piety under Vehumet
 33235 | Orc:2    | Offered knowledge of Lee's Rapid Deconstruction by Vehumet.
 33452 | Orc:2    | Found Kokhlenum's Jewellery Emporium.
 33452 | Orc:2    | Found Joum's Weapon Shoppe.
 33453 | Orc:2    | Found Likijyg's Magic Scroll Shoppe.
 33456 | Orc:2    | Found Wejiu's Armour Emporium.
 33459 | Orc:2    | Bought an uncursed ring of protection from magic for 425
                  | gold pieces
 33460 | Orc:2    | Bought a +2 buckler of cold resistance for 365 gold pieces
 33507 | Orc:2    | Bought a scroll of enchant armour for 97 gold pieces
 33507 | Orc:2    | Bought a scroll of enchant armour for 97 gold pieces
 33507 | Orc:2    | Bought a scroll of blinking for 97 gold pieces
 33507 | Orc:2    | Bought a scroll of teleportation for 39 gold pieces
 33507 | Orc:2    | Bought a scroll of immolation for 45 gold pieces
 33905 | D:13     | HP: 56/115 [death knight/glaive of distortion (26)]
 33909 | D:13     | HP: 15/115 [mirror damage (26)]
 34408 | D:13     | Found a gate to the Vaults.
 34441 | D:13     | Reached skill level 10 in Fighting
 34441 | D:13     | Reached skill level 10 in Short Blades
 34441 | D:13     | Reached skill level 10 in Long Blades
 34441 | D:13     | Reached skill level 10 in Axes
 34441 | D:13     | Reached skill level 10 in Maces & Flails
 34441 | D:13     | Reached skill level 10 in Polearms
 34441 | D:13     | Reached skill level 10 in Staves
 34441 | D:13     | Reached skill level 10 in Slings
 34441 | D:13     | Reached skill level 10 in Bows
 34441 | D:13     | Reached skill level 10 in Crossbows
 34441 | D:13     | Reached skill level 10 in Throwing
 34441 | D:13     | Reached skill level 10 in Armour
 34441 | D:13     | Reached skill level 10 in Shields
 34441 | D:13     | Reached skill level 10 in Unarmed Combat
 34441 | D:13     | Reached skill level 10 in Evocations
 34692 | D:13     | Reached skill level 11 in Dodging
 35359 | D:14     | Found a transporter.
 35361 | D:14     | Noticed Zomamuj's ghost (journeyman DDFi)
 35395 | D:14     | Found a transporter.
 35427 | D:14     | Found Kumar's Assorted Antiques.
 35436 | D:14     | Bought a potion of heal wounds for 220 gold pieces
 35436 | D:14     | Bought a scroll labeled UGATHR LOJECA for 44 gold pieces
 35825 | D:14     | Found Xunan's Distillery.
 35833 | D:14     | Bought a potion of magic for 128 gold pieces
 35833 | D:14     | Bought a potion of heal wounds for 80 gold pieces
 35910 | D:14     | Noticed Josephine
 35919 | D:14     | Killed Josephine
 36118 | D:14     | Found Weocwi's Armour Shop.
 36120 | D:14     | Found Awipt's General Store.
 36128 | D:14     | Bought a scroll of blinking for 105 gold pieces
 36128 | D:14     | Bought a potion of resistance for 140 gold pieces
 36217 | D:14     | HP: 41/115 [flayed ghost/flay_damage (17)]
 36224 | D:14     | HP: 28/115 [poisoned by a death knight]
 36232 | D:14     | HP: 29/115 [poisoned by a death knight]
 36478 | D:14     | HP: 53/115 [Zomamuj's ghost (8)]
 36611 | D:14     | Killed Zomamuj's ghost
 37047 | D:14     | HP: 41/115 [mirror damage (25)]
 37077 | D:14     | HP: 42/115 [spectral shadow dragon (8)]
 37254 | D:14     | Reached XP level 16. HP: 109/122 MP: 26/32
 37502 | Swamp:1  | Entered Level 1 of the Swamp
 37535 | Swamp:1  | Noticed a thorn hunter
 37550 | Swamp:1  | Killed a thorn hunter
 37557 | Swamp:1  | HP: 59/123 [alligator (5)]
 37563 | Swamp:1  | HP: 47/123 [poisoned by a swamp dragon (blast of poison)]
 37569 | Swamp:1  | HP: 37/123 [poisoned by a swamp dragon (blast of poison)]
 37575 | Swamp:1  | HP: 31/123 [poisoned by a swamp dragon (blast of poison)]
 37581 | Swamp:1  | HP: 31/123 [poisoned by a swamp dragon (blast of poison)]
 38108 | Swamp:1  | Offered knowledge of Iron Shot by Vehumet.
 38118 | Swamp:1  | Learned a level 6 spell: Iron Shot
 38476 | Swamp:1  | Noticed a thorn hunter
 38494 | Swamp:1  | Killed a thorn hunter
 38502 | Swamp:1  | HP: 61/123 [slime creature (5)]
 38507 | Swamp:1  | HP: 54/123 [slime creature (8)]
 40700 | Swamp:3  | Offered knowledge of Freezing Cloud by Vehumet.
 40708 | Swamp:3  | Learned a level 6 spell: Freezing Cloud
 40974 | Swamp:3  | Noticed Louise
 40998 | Swamp:3  | Killed Louise
 41467 | Swamp:4  | Entered Level 4 of the Swamp
 41549 | Swamp:4  | HP: 56/125 [cloud of steam (13)]
 41945 | Swamp:4  | Noticed a tentacled monstrosity
 41952 | Swamp:4  | Reached XP level 17. HP: 119/131 MP: 19/33
 41954 | Swamp:4  | Killed a tentacled monstrosity
 42228 | Swamp:4  | Reached skill level 12 in Dodging
 42640 | Swamp:4  | Learned a level 4 spell: Olgreb's Toxic Radiance
 43158 | Swamp:4  | Found the +27 Lear's hauberk
 43336 | Swamp:4  | Got a decaying rune of Zot
 43467 | Spider:1 | Entered Level 1 of the Spider Nest
 43838 | Spider:1 | Noticed Roxanne
 43849 | Spider:1 | HP: 60/131 [Roxanne/crystal spear (42)]
 43851 | Spider:1 | Killed Roxanne
 44220 | Spider:1 | Noticed Agnes
 44230 | Spider:1 | Killed Agnes
 44585 | Spider:2 | Offered knowledge of Bolt of Cold by Vehumet.
 44588 | Spider:2 | Reached skill level 10 in Conjurations
 44588 | Spider:2 | Reached skill level 10 in Summonings
 44588 | Spider:2 | Reached skill level 10 in Translocations
 44621 | Spider:2 | Noticed Arachne
 44674 | Spider:2 | Killed Arachne
 44683 | Spider:2 | HP: 57/131 [wolf spider (10)]
 45426 | Spider:2 | Got a smoking war axe
 45427 | Spider:2 | Identified the cursed +2 war axe "Zotev" {elec, rElec
                  | Dex+2} (You found it on level 2 of the Spider Nest)
 46861 | Spider:3 | Reached skill level 10 in Hexes
 46861 | Spider:3 | Reached skill level 10 in Charms
 46861 | Spider:3 | Reached skill level 10 in Necromancy
 46861 | Spider:3 | Reached skill level 10 in Transmutations
 46861 | Spider:3 | Reached skill level 10 in Fire Magic
 46861 | Spider:3 | Reached skill level 10 in Ice Magic
 46861 | Spider:3 | Reached skill level 10 in Air Magic
 46861 | Spider:3 | Reached skill level 10 in Earth Magic
 46861 | Spider:3 | Reached skill level 10 in Poison Magic
 47451 | Spider:4 | Entered Level 4 of the Spider Nest
 47457 | Spider:4 | Reached XP level 18. HP: 122/139 MP: 35/35
 47870 | Spider:4 | Offered knowledge of Lehudib's Crystal Spear by Vehumet.
 47870 | Spider:4 | Offered knowledge of Glaciate by Vehumet.
 47870 | Spider:4 | Offered knowledge of Tornado by Vehumet.
 49705 | Spider:4 | Got a gossamer rune of Zot
 50039 | D:15     | Entered Level 15 of the Dungeon
 50048 | D:15     | Found a basalt altar of Yredelemnul.
 50121 | D:15     | Noticed Azrael
 50133 | D:15     | Killed Azrael
 50171 | D:15     | Learned a level 6 spell: Statue Form
 50215 | D:15     | Reached XP level 19. HP: 146/146 MP: 36/36
 50266 | D:15     | Found Yfocha's Antique Weapon Emporium.
 50312 | D:15     | Reached skill level 13 in Dodging
 50431 | D:15     | Bought a dazzling fustibalus for 600 gold pieces
 50431 | D:15     | Identified the +1 fustibalus of a Thousand Places {freeze,
                  | *Contam rN+ MR+} (You bought it in a shop on level 15 of
                  | the Dungeon)
 50961 | D:15     | Found a staircase to the Depths.
 51285 | D:15     | HP: 69/147 [skeletal warrior/scimitar[a skeletal warrior]
                  | (14)]
 51732 | Vaults:1 | Entered Level 1 of the Vaults
 51763 | Vaults:1 | Reached XP level 20. HP: 78/154 MP: 33/38
 51781 | Vaults:1 | HP: 73/154 [deep elf archer/arrow[an ironheart preserver]
                  | (12)]
 51798 | Vaults:1 | Found a roughly hewn altar of Beogh.
 52238 | Vaults:1 | Found Eptaezubb's Assorted Antiques.
 52256 | Vaults:1 | Bought a potion of heal wounds for 210 gold pieces
 52256 | Vaults:1 | Bought a runed helmet for 315 gold pieces
 52796 | Vaults:1 | HP: 74/155 [yaktaur captain/bolt (39)]
 53531 | Vaults:1 | Found Lyuweufi's Magic Scroll Shop.
 53534 | Vaults:1 | Bought a scroll of blinking for 97 gold pieces
 53534 | Vaults:1 | Bought a scroll of teleportation for 39 gold pieces
 54087 | Vaults:2 | Found a staircase to the Crypt.
 56441 | Vaults:3 | Reached XP level 21. HP: 151/162 MP: 34/39
 56485 | Vaults:3 | HP: 103/209 [something (6)]
 56522 | Vaults:3 | HP: 91/209 [deep elf knight/short sword (10)]
 56553 | Vaults:2 | HP: 80/161 [poisoned by a death drake (dark miasma)]
 56559 | Vaults:2 | HP: 78/161 [poisoned by a death drake (dark miasma)]
 56564 | Vaults:2 | HP: 78/161 [poisoned by a death drake (dark miasma)]
 56571 | Vaults:2 | HP: 79/161 [poisoned by a death drake (dark miasma)]
 56579 | Vaults:2 | HP: 79/161 [poisoned by a death drake (dark miasma)]
 56907 | Vaults:3 | HP: 78/161 [stone giant/large rock (8)]
 56912 | Vaults:3 | HP: 65/161 [stone giant (14)]
 58493 | Vaults:3 | Found a runed gate.
 58493 | Vaults:3 | Found a runed gate.
 58493 | Vaults:3 | Found a runed gate.
 58493 | Vaults:3 | Noticed Fub Itsi's ghost (veteran GrWz)
 58608 | Vaults:3 | Noticed Nikola
 58610 | Vaults:3 | HP: 60/161 [Nikola/chain lightning (21)]
 58611 | Vaults:3 | Killed Nikola
 58625 | Vaults:3 | HP: 63/161 [skeletal warrior/war axe[a death knight] (3)]
 58626 | Vaults:3 | Reached skill level 14 in Dodging
 58638 | Vaults:3 | HP: 60/161 [mirror damage (7)]
 58641 | Vaults:3 | HP: 29/161 [mirror damage (7)]
 58646 | Vaults:3 | HP: 29/162 [flayed ghost[a death knight] (10)]
 59052 | Vaults:3 | Got an uncursed pitted dagger {pierce}
 59374 | Vaults:3 | Found a roughly hewn altar of Beogh.
 59384 | Vaults:3 | Learned a level 2 spell: Swiftness
 59508 | Vaults:3 | Killed Fub Itsi's ghost
 59730 | Vaults:3 | Got a smoking chain mail
 59733 | Vaults:3 | Identified the +6 chain mail "Zahibasy" {Int+4} (You took
                  | it off an orc warlord on level 3 of the Vaults)
 59862 | Vaults:3 | Got a warped hat
 59863 | Vaults:3 | Identified the +0 hat "Jocsoabo" {MR++} (You found it on
                  | level 3 of the Vaults)
 60001 | Vaults:4 | Noticed Mara
 60005 | Vaults:4 | Killed Mara
 60115 | Vaults:4 | Found Qizesar's Magic Scroll Emporium.
 60135 | Vaults:4 | Bought a scroll of teleportation for 45 gold pieces
 60135 | Vaults:4 | Bought a scroll of blinking for 112 gold pieces
 60318 | Vaults:4 | Reached skill level 15 in Spellcasting
 60626 | Vaults:4 | HP: 75/163 [deep elf death mage/vampiric draining (15)]
 61132 | Vaults:4 | Reached XP level 22. HP: 149/171 MP: 39/41
 61949 | Vaults:1 | Bought a scroll of teleportation for 39 gold pieces
 61949 | Vaults:1 | Bought a scroll of magic mapping for 45 gold pieces
 62083 | D:14     | Bought 3 scrolls of magic mapping for 147 gold pieces
 62147 | Depths:1 | Entered Level 1 of the Depths
 62153 | Depths:1 | Learned a level 4 spell: Airstrike
 62193 | Depths:1 | HP: 73/171 [stone giant/large rock (18)]
 62200 | Depths:1 | HP: 27/171 [stone giant/large rock (49)]
 62857 | Elf:1    | Entered Level 1 of the Elven Halls
 63194 | Elf:1    | Reached skill level 15 in Invocations
 63694 | Elf:1    | HP: 74/171 [soul eater/drain life[a deep elf mage] (12)]
 63701 | Elf:1    | HP: 54/172 [poisoned by a halberd of venom]
 63707 | Elf:1    | HP: 32/172 [poisoned by a halberd of venom]
 63715 | Elf:1    | HP: 33/172 [poisoned by a halberd of venom]
 63720 | Elf:1    | HP: 34/172 [poisoned by a halberd of venom]
 63736 | Elf:1    | HP: 25/172 [deep elf archer/uncursed dagger (15)]
 65617 | Elf:2    | Found Ixzionk's Book Boutique.
 65689 | Elf:2    | Found Wueroext's Magic Scroll Emporium.
 65840 | Elf:2    | Found a runed door.
 65957 | Elf:2    | Found a runed door.
 67268 | Elf:2    | Found Uwecut's Jewellery Emporium.
 67308 | Elf:2    | Found Mahuipeu's Assorted Antiques.
 67362 | Elf:3    | Entered Level 3 of the Elven Halls
 67586 | Elf:3    | Found Zakap's Magic Scroll Shoppe.
 67908 | Elf:3    | Reached XP level 23. HP: 139/179 MP: 42/42
 68090 | Elf:3    | HP: 88/179 [deep elf sorcerer/damnation (24)]
 68342 | Elf:3    | Reached skill level 15 in Dodging
 68883 | Elf:3    | Reached skill level 15 in Stealth
 69311 | Elf:3    | HP: 65/179 [deep elf knight/shard of ice (40)]
 69652 | Elf:3    | Got an encrusted hunting sling
 69677 | Elf:3    | Identified the Papyrus of Entrancing Ice
 69698 | Elf:3    | Got a bloodstained quarterstaff
 69730 | Elf:3    | Identified Giusiuru's Handbook of Shifting Intoxication
 69748 | Elf:3    | Found the macabre finger necklace {rN+}
 70031 | Elf:3    | Bought a scroll of teleportation for 42 gold pieces
 70063 | Elf:2    | Bought a scroll of blinking for 202 gold pieces
 70319 | D:14     | Bought a +0 large shield of resistance for 315 gold pieces
 70428 | Depths:1 | Found a gateway to Hell.
 70736 | Depths:1 | Found a gateway to a ziggurat.
 71050 | Depths:1 | Found a one-way gate to the infinite horrors of the Abyss.
 72138 | Depths:2 | Gained mutation: Scrolls take you a little longer to read.
                  | [you]
 72138 | Depths:2 | HP: 74/180 [shot self (50)]
 72140 | Depths:2 | Lost mutation: Scrolls take you a little longer to read.
                  | [potion of mutation]
 72140 | Depths:2 | Lost mutation: You are weak. (Str -2) [potion of mutation]
 72140 | Depths:2 | Gained mutation: You are somewhat resistant to further
                  | mutation. [potion of mutation]
 72140 | Depths:2 | Gained mutation: Your flesh is heat resistant. (rF+)
                  | [potion of mutation]
 72140 | Depths:2 | Gained mutation: You are somewhat resistant to both further
                  | mutation and mutation removal. [potion of mutation]
 72433 | Depths:2 | Found a runed gate.
 72441 | Depths:2 | Found a runed gate.
 72442 | Depths:2 | Found a runed gate.
 72476 | Depths:2 | Noticed a golden dragon
 72483 | Depths:2 | Killed a golden dragon
 72833 | Depths:2 | Reached XP level 24. HP: 142/187 MP: 43/43
 73131 | Depths:2 | Found a viscous altar of Jiyva.
 73131 | Depths:2 | Noticed hairmachine's ghost (adept OgWz)
 73311 | Depths:2 | Killed hairmachine's ghost
 73311 | Depths:2 | Reached skill level 15 in Fighting
 73311 | Depths:2 | Reached skill level 15 in Short Blades
 73311 | Depths:2 | Reached skill level 15 in Long Blades
 73311 | Depths:2 | Reached skill level 15 in Axes
 73311 | Depths:2 | Reached skill level 15 in Maces & Flails
 73311 | Depths:2 | Reached skill level 15 in Polearms
 73311 | Depths:2 | Reached skill level 15 in Staves
 73311 | Depths:2 | Reached skill level 15 in Slings
 73311 | Depths:2 | Reached skill level 15 in Bows
 73311 | Depths:2 | Reached skill level 15 in Crossbows
 73311 | Depths:2 | Reached skill level 15 in Throwing
 73311 | Depths:2 | Reached skill level 15 in Armour
 73311 | Depths:2 | Reached skill level 15 in Shields
 73311 | Depths:2 | Reached skill level 15 in Unarmed Combat
 73311 | Depths:2 | Reached skill level 15 in Evocations
 73324 | Depths:2 | HP: 92/188 [slime creature (13)]
 73572 | Depths:2 | Got a fine lead ring
 73582 | Depths:2 | Identified the ring of Xom's Sleight of Hands {+Fly rF+ rC-
                  | MR+ Int+6} (You found it on level 2 of the Depths)
 74095 | Depths:3 | Found a one-way gate leading to the halls of Pandemonium.
 74105 | Depths:3 | HP: 88/188 [hellion/damnation (29)]
 74431 | Depths:3 | Found a corrupted altar of Lugonu.
 74504 | Depths:3 | Noticed an ancient lich
 74509 | Depths:3 | Killed an ancient lich
 74591 | Depths:3 | Found Efiddao's Book Boutique.
 75212 | Depths:3 | Noticed a caustic shrike
 75217 | Depths:3 | Killed a caustic shrike
 75260 | Depths:3 | HP: 88/189 [quicksilver dragon/bolt of dispelling energy
                  | (23)]
 75265 | Depths:3 | HP: 49/189 [quicksilver dragon (14)]
 75989 | Depths:3 | Got a jewelled scimitar
 75990 | Depths:3 | Identified the +2 scimitar of the Warrior-Mage {slice, rF+}
                  | (You found it on level 3 of the Depths)
 76269 | Depths:4 | HP: 72/189 [death yak[a spriggan berserker] (38)]
 76496 | Depths:4 | HP: 82/189 [stone giant/large rock (49)]
 76501 | Depths:4 | Reached skill level 16 in Dodging
 76822 | Depths:4 | Noticed Margery
 76831 | Depths:4 | Killed Margery
 77227 | Depths:4 | Reached XP level 25. HP: 195/195 MP: 37/43
 77513 | Depths:4 | Found a runed door.
 78198 | Depths:4 | Found a runed door.
 78224 | Depths:4 | HP: 86/196 [vampire knight/vampiric draining (21)]
 78235 | Depths:4 | HP: 61/196 [minotaur (shapeshifter) (29)]
 78652 | Depths:5 | Entered Level 5 of the Depths
 78714 | Depths:5 | Noticed a juggernaut
 78719 | Depths:5 | Killed a juggernaut
 79603 | Depths:5 | Found a gate to the Realm of Zot.
 80648 | Vaults:5 | Entered Level 5 of the Vaults
 81053 | Vaults:5 | Reached XP level 26. HP: 143/204 MP: 10/44
 81380 | Vaults:5 | Got a crystal morningstar {freeze}
 81427 | Vaults:5 | Identified the +10 morningstar of Beyond {freeze, rElec
                  | Str+2} (You took it off a vault guard on level 5 of the
                  | Vaults)
 81436 | Vaults:5 | Got a coiled platinum amulet
 81437 | Vaults:5 | Identified the amulet of Ziptiph {rElec rC+ Regen+ Str+2
                  | Dex+4} (You took it off an ogre mage on level 5 of the
                  | Vaults)
 81532 | Vaults:5 | Got a ruby-encrusted chain mail
 81535 | Vaults:5 | Identified the +1 chain mail of Ihiweoxi {rF+ rC+} (You
                  | took it off a vault guard on level 5 of the Vaults)
 81677 | Vaults:5 | Got a fine mace {freeze}
 82039 | Vaults:5 | Got a scorched graven amulet
 82137 | Vaults:5 | Reached skill level 17 in Dodging
 82141 | Vaults:5 | Got a pitted war axe {venom}
 82208 | Vaults:5 | HP: 81/206 [tengu reaver/bolt of acid (48)]
 82403 | Vaults:5 | Noticed an ancient lich
 82507 | Vaults:5 | Killed an ancient lich
 82580 | Vaults:5 | Noticed an ancient lich
 82589 | Vaults:5 | Killed an ancient lich
 82663 | Vaults:5 | Got a flickering jade ring
 82693 | Vaults:5 | Identified the amulet "Gaax Quosk" {Gourm rF+ Str+4} (You
                  | took it off a tengu reaver on level 5 of the Vaults)
 82694 | Vaults:5 | Identified the ring "Zitiwilu" {Fire rN+ MP+9 Int+3 Dex+4}
                  | (You took it off a vault guard on level 5 of the Vaults)
 82958 | Vaults:5 | Got an ancient halberd
 82973 | Vaults:5 | Got a steaming ring mail
 83146 | Vaults:5 | Noticed an ancient lich
 83148 | Vaults:5 | Killed an ancient lich
 83195 | Vaults:5 | Got a silver rune of Zot
 83334 | Vaults:5 | Reached XP level 27. HP: 208/213 MP: 44/44
 83686 | Vaults:5 | Noticed an ancient lich
 83701 | Vaults:5 | Killed an ancient lich
 84460 | Elf:2    | Bought a scroll of magic mapping for 73 gold pieces
 84460 | Elf:2    | Bought a scroll of enchant armour for 157 gold pieces
 84460 | Elf:2    | Bought a scroll of teleportation for 63 gold pieces
 84460 | Elf:2    | Bought a scroll of teleportation for 63 gold pieces
 84460 | Elf:2    | Bought a scroll of magic mapping for 73 gold pieces
 84460 | Elf:2    | Bought a scroll of teleportation for 63 gold pieces
 84460 | Elf:2    | Bought a scroll of silence for 157 gold pieces
 84460 | Elf:2    | Bought a scroll of silence for 157 gold pieces
 84460 | Elf:2    | Bought a scroll of enchant armour for 157 gold pieces
 84460 | Elf:2    | Bought a scroll of teleportation for 63 gold pieces
 84850 | Depths:3 | Bought a book of Enchantments for 800 gold pieces
 84857 | Depths:3 | Learned a level 6 spell: Deflect Missiles
 85175 | Slime:1  | Entered Level 1 of the Pits of Slime
 87996 | Slime:5  | Entered Level 5 of the Pits of Slime
 88273 | Slime:5  | Reached skill level 18 in Dodging
 88629 | Slime:5  | Found a viscous altar of Jiyva.
 88630 | Slime:5  | Noticed the Royal Jelly
 88871 | Slime:5  | Killed the Royal Jelly
 88871 | Slime:5  | Reached skill level 15 in Conjurations
 88871 | Slime:5  | Reached skill level 15 in Summonings
 88871 | Slime:5  | Reached skill level 15 in Translocations
 88909 | Slime:5  | HP: 106/215 [azure jelly[the Royal Jelly] (6)]
 88969 | Slime:5  | Got a heavily runed tin ring
 88970 | Slime:5  | Identified the ring "Mizigaet" {rF++ EV+4} (You found it on
                  | level 5 of the Pits of Slime)
 88990 | Slime:5  | Got a slimy rune of Zot
 89015 | Slime:5  | Got a scintillating golden ring
 89016 | Slime:5  | Identified the ring "Sebubbiro" {rCorr +Inv Str+2 Int-5}
                  | (You found it on level 5 of the Pits of Slime)
 89033 | Slime:5  | Identified the Reference Book on the Supportive Frostbite
 89446 | Zot:1    | Entered Level 1 of the Realm of Zot
 89990 | Zot:1    | Reached skill level 15 in Hexes
 89990 | Zot:1    | Reached skill level 15 in Charms
 89990 | Zot:1    | Reached skill level 15 in Necromancy
 89990 | Zot:1    | Reached skill level 15 in Transmutations
 89990 | Zot:1    | Reached skill level 15 in Fire Magic
 89990 | Zot:1    | Reached skill level 15 in Ice Magic
 89990 | Zot:1    | Reached skill level 15 in Air Magic
 89990 | Zot:1    | Reached skill level 15 in Earth Magic
 89990 | Zot:1    | Reached skill level 15 in Poison Magic
 90301 | Zot:1    | Learned a level 3 spell: Regeneration
 90560 | Zot:2    | Noticed an orb of fire
 90564 | Zot:2    | Gained mutation: Armour fits poorly on your strangely
                  | shaped body. [an orb of fire]
 90567 | Zot:2    | Killed an orb of fire
 91733 | Zot:2    | Reached skill level 19 in Dodging
 92323 | Zot:3    | Noticed an orb of fire
 92334 | Zot:3    | Killed an orb of fire
 93287 | Zot:3    | HP: 76/217 [quicksilver dragon/bolt of dispelling energy
                  | (44)]
 93297 | Zot:3    | HP: 55/217 [something (19)]
 93302 | Zot:3    | HP: 49/217 [something (13)]
 93493 | Zot:3    | Found a deep blue altar of Sif Muna.
 94482 | Zot:3    | Reached skill level 20 in Dodging
 94615 | Zot:4    | HP: 107/218 [??? (105)]
 94615 | Zot:4    | HP: 46/218 [golden dragon (9)]
 95443 | Zot:4    | Noticed an orb of fire
 95473 | Zot:3    | Killed an orb of fire
 95875 | Zot:5    | Entered Level 5 of the Realm of Zot
 96693 | Zot:5    | Noticed an orb of fire
 96722 | Zot:5    | Gained mutation: You occasionally shout uncontrollably at
                  | your foes. [an orb of fire]
 96723 | Zot:5    | Gained mutation: You are frail. (-10% HP) [an orb of fire]
 96725 | Zot:5    | Killed an orb of fire
 96755 | Zot:5    | Lost mutation: You occasionally shout uncontrollably at
                  | your foes. [potion of mutation]
 96755 | Zot:5    | Gained mutation: You are resistant to hostile enchantments.
                  | (MR+) [potion of mutation]
 96756 | Zot:5    | Lost mutation: Armour fits poorly on your strangely shaped
                  | body. [potion of mutation]
 96756 | Zot:5    | Lost mutation: You are frail. (-10% HP) [potion of
                  | mutation]
 96807 | Zot:5    | Noticed an orb of fire
 96807 | Zot:5    | Noticed an ancient lich
 96818 | Zot:5    | Killed an orb of fire
 96830 | Zot:5    | Noticed an orb of fire
 96845 | Zot:5    | Noticed an ancient lich
 96857 | Zot:5    | HP: 108/220 [orb of fire/fireball (8)]
 96858 | Zot:5    | Killed an orb of fire
 96865 | Zot:5    | HP: 108/220 [ancient lich/bolt of fire (6)]
 96895 | Zot:5    | HP: 59/220 [???[an ancient lich] (57)]
 96898 | Zot:5    | Killed an ancient lich
 96898 | Zot:5    | Reached skill level 21 in Dodging
 96907 | Zot:5    | Killed an ancient lich
 96981 | Zot:5    | Noticed an orb of fire
 96983 | Zot:5    | Gained mutation: You do not regenerate when monsters are
                  | visible. [an orb of fire]
 96989 | Zot:5    | HP: 106/220 [orb of fire/fireball (12)]
 96992 | Zot:5    | Gained mutation: Potions are less effective at restoring
                  | your health. [an orb of fire]
 96997 | Zot:5    | Killed an orb of fire
 97309 | Zot:5    | Noticed an orb of fire
 97315 | Zot:5    | Killed an orb of fire
 97772 | Zot:5    | Noticed an orb of fire
 97782 | Zot:5    | Killed an orb of fire
 97785 | Zot:5    | HP: 103/221 [Orb Guardian (36)]
 97795 | Zot:5    | HP: 97/221 [electric golem (6)]
 97799 | Zot:5    | HP: 39/221 [Orb Guardian (34)]
 98049 | Zot:5    | Noticed an orb of fire
 98050 | Zot:5    | Noticed an orb of fire
 98138 | Zot:5    | Gained mutation: You are frail. (-10% HP) [an orb of fire]
 98139 | Zot:5    | Killed an orb of fire
 98157 | Zot:5    | HP: 92/199 [orb of fire/fireball (23)]
 98163 | Zot:5    | HP: 78/199 [orb of fire/fireball (10)]
 98168 | Zot:5    | HP: 45/199 [orb of fire/fireball (12)]
 98173 | Zot:5    | HP: 23/199 [orb of fire/fireball (13)]
 98176 | Zot:5    | Killed an orb of fire
 98374 | Zot:5    | Noticed an orb of fire
 98380 | Zot:5    | Gained mutation: Armour fits poorly on your strangely
                  | shaped body. [an orb of fire]
 98381 | Zot:5    | Killed an orb of fire
 99022 | D:14     | Bought a potion of mutation for 128 gold pieces
 99022 | D:14     | Bought a potion of mutation for 128 gold pieces
 99022 | D:14     | Bought a potion of mutation for 128 gold pieces
 99022 | D:14     | Lost mutation: Your flesh is heat resistant. (rF+) [potion
                  | of mutation]
 99022 | D:14     | Gained mutation: You are partially covered in rugged brown
                  | scales. (AC +1, +3% HP) [potion of mutation]
 99023 | D:14     | Lost mutation: Armour fits poorly on your strangely shaped
                  | body. [potion of mutation]
 99024 | D:14     | Lost mutation: You are somewhat resistant to both further
                  | mutation and mutation removal. [potion of mutation]
 99024 | D:14     | Lost mutation: You are frail. (-10% HP) [potion of
                  | mutation]
 99024 | D:14     | Lost mutation: You are somewhat resistant to further
                  | mutation. [potion of mutation]
 99024 | D:14     | Gained mutation: Your spells are a little easier to cast,
                  | but a little less powerful. [potion of mutation]
 99024 | D:14     | Gained mutation: You are weak. (Str -2) [potion of
                  | mutation]
 99024 | D:14     | Gained mutation: Your flesh is cold resistant. (rC+)
                  | [potion of mutation]
 99166 | Depths:1 | Voluntarily entered the Abyss.
 99756 | Abyss:2  | Got a shimmering dagger
 99844 | Abyss:2  | Found a corrupted altar of Lugonu.
 99892 | Abyss:2  | Found a corrupted altar of Lugonu.
100633 | Abyss:3  | Found a corrupted altar of Lugonu.
100635 | Abyss:3  | HP: 110/228 [hellephant (8)]
100636 | Abyss:3  | Got an abyssal rune of Zot
100647 | Abyss:3  | HP: 81/228 [dire elephant (4)]
100709 | Depths:1 | Escaped the Abyss
100841 | Depths:3 | Bought a book of Annihilations for 1766 gold pieces
100851 | Depths:3 | Learned a level 9 spell: Fire Storm
101471 | Zig:1    | Entered Level 1 of a ziggurat
101520 | Zig:2    | Entered Level 2 of a ziggurat
101553 | Zig:3    | Entered Level 3 of a ziggurat
101575 | Zig:3    | Noticed a juggernaut
101583 | Zig:3    | Killed a juggernaut
101661 | Zig:4    | Entered Level 4 of a ziggurat
101679 | Zig:4    | Reached skill level 22 in Dodging
101691 | Zig:4    | Got a heavily runed buckler
101692 | Zig:4    | Identified the -2 buckler of the Arcane {MR+} (You found it
                  | on level 4 of a ziggurat)
101703 | Zig:5    | Entered Level 5 of a ziggurat
101746 | Zig:5    | Got a flickering ruby amulet
101747 | Zig:5    | Identified the amulet "Ubestibu" {RegenMP rPois rN+} (You
                  | found it on level 5 of a ziggurat)
101755 | Zig:6    | Entered Level 6 of a ziggurat
101824 | Zig:6    | Noticed an ancient lich
101837 | Zig:6    | Killed an ancient lich
101857 | Zig:6    | Got a transparent diamond amulet
101858 | Zig:6    | Identified the amulet "Kubic" {Acrobat rElec rN++ Dex-2
                  | SInv} (You found it on level 6 of a ziggurat)
101868 | Zig:6    | Identified the Volume of Transmigration and Calling
101870 | Zig:6    | Lost mutation: You are weak. (Str -2) [potion of mutation]
101870 | Zig:6    | Lost mutation: Your spells are a little easier to cast, but
                  | a little less powerful. [potion of mutation]
101870 | Zig:6    | Lost mutation: You are partially covered in rugged brown
                  | scales. (AC +1, +3% HP) [potion of mutation]
101870 | Zig:6    | Lost mutation: Potions are less effective at restoring your
                  | health. [potion of mutation]
101870 | Zig:6    | Gained mutation: You have a pair of small horns on your
                  | head. [potion of mutation]
101870 | Zig:6    | Gained mutation: You have large cloven feet. [potion of
                  | mutation]
101870 | Zig:6    | Gained mutation: You can translocate small distances at
                  | will. [potion of mutation]
101912 | Zig:7    | Entered Level 7 of a ziggurat
101938 | Zig:7    | Got a scintillating copper ring
101939 | Zig:7    | Identified the ring of the Sky {rPois rC- Dex+6} (You found
                  | it on level 7 of a ziggurat)
101951 | Zig:8    | Entered Level 8 of a ziggurat
101961 | Zig:8    | Noticed a greater mummy
101969 | Zig:8    | Killed a greater mummy
101974 | Zig:8    | Got a fine dire flail
102041 | Zig:9    | Entered Level 9 of a ziggurat
102052 | Zig:9    | Found the ring of the Mage {Wiz MR++ Int+3}
102167 | Zig:9    | Got fine shadow dragon scales
102168 | Zig:9    | Identified the +6 shadow dragon scales of Juubbado {rC- rN+
                  | Dex+4 Stlth++++} (You found it on level 9 of a ziggurat)
102184 | Zig:10   | Entered Level 10 of a ziggurat
102221 | Zig:10   | Got a brightly glowing chain mail
102222 | Zig:10   | Identified the +8 chain mail "Qidghet" {rElec rF++ MP+9
                  | Str-2} (You found it on level 10 of a ziggurat)
102225 | Zig:10   | Got a warped executioner's axe
102226 | Zig:10   | Identified the +10 executioner's axe of the Eternal Warrior
                  | {chop, rElec rC+} (You found it on level 10 of a ziggurat)
102237 | Zig:10   | Got a faintly humming ring mail
102241 | Zig:10   | Identified the Disquisition on Unholy Talismans
102254 | Zig:10   | Got a glittering bronze ring
102255 | Zig:10   | Identified the ring "Sutories" {rElec MR++ Str+2 Int-3
                  | SInv} (You found it on level 10 of a ziggurat)
102296 | Zig:11   | Entered Level 11 of a ziggurat
102363 | Zig:11   | Got a faintly glowing sapphire amulet
102364 | Zig:11   | Identified the amulet of Wut Biwa {Harm *Drain Dex+6} (You
                  | found it on level 11 of a ziggurat)
102387 | Zig:12   | Entered Level 12 of a ziggurat
102422 | Zig:12   | Gained mutation: Armour fits poorly on your strangely
                  | shaped body. [a shining eye]
102423 | Zig:12   | Gained mutation: Your spells are a little easier to cast,
                  | but a little less powerful. [a shining eye]
102424 | Zig:12   | HP: 136/289 [acid (9)]
102429 | Zig:12   | HP: 95/289 [azure jelly (4)]
102436 | Zig:12   | Lost mutation: Armour fits poorly on your strangely shaped
                  | body. [potion of mutation]
102436 | Zig:12   | Lost mutation: You have a pair of small horns on your head.
                  | [potion of mutation]
102436 | Zig:12   | Lost mutation: You have large cloven feet. [potion of
                  | mutation]
102436 | Zig:12   | Gained mutation: You are frail. (-10% HP) [potion of
                  | mutation]
102436 | Zig:12   | Gained mutation: Armour fits poorly on your strangely
                  | shaped body. [potion of mutation]
102436 | Zig:12   | Lost mutation: You do not regenerate when monsters are
                  | visible. [potion of mutation]
102437 | Zig:12   | Lost mutation: Armour fits poorly on your strangely shaped
                  | body. [potion of mutation]
102437 | Zig:12   | Lost mutation: You are frail. (-10% HP) [potion of
                  | mutation]
102437 | Zig:12   | Gained mutation: You are dopey. (Int -2) [potion of
                  | mutation]
102437 | Zig:12   | Gained mutation: You expend magic power (3 MP) to
                  | strengthen your wands. [potion of mutation]
102438 | Zig:12   | Lost mutation: You are resistant to hostile enchantments.
                  | (MR+) [potion of mutation]
102438 | Zig:12   | Lost mutation: You are dopey. (Int -2) [potion of mutation]
102438 | Zig:12   | Gained mutation: You are partially covered in icy blue
                  | scales. (AC +2) [potion of mutation]
102439 | Zig:12   | Lost mutation: Your spells are a little easier to cast, but
                  | a little less powerful. [potion of mutation]
102439 | Zig:12   | Lost mutation: Your flesh is cold resistant. (rC+) [potion
                  | of mutation]
102439 | Zig:12   | Lost mutation: You can translocate small distances at will.
                  | [potion of mutation]
102439 | Zig:12   | Gained mutation: Your body sometimes deteriorates upon
                  | taking damage. [potion of mutation]
102439 | Zig:12   | Gained mutation: You can translocate small distances at
                  | will. [potion of mutation]
102613 | Zig:12   | Got an ichor-stained long sword
102618 | Zig:12   | Got an ancient shortbow
102636 | Zig:12   | Got an ancient dagger
102643 | Zig:13   | Entered Level 13 of a ziggurat
102691 | Zig:13   | Found the brooch of Shielding {Reflect SH+8}
102699 | Zig:13   | Got a slimy steel amulet
102701 | Zig:13   | Identified the amulet "Xoodoina" {Regen+ Int+3} (You found
                  | it on level 13 of a ziggurat)
102708 | Zig:13   | Got a polished flail
102717 | Zig:13   | Identified the Papyrus of the Twisted Mountains
102758 | Zig:14   | Entered Level 14 of a ziggurat
102780 | Zig:14   | Found the +9 scales of the Dragon King {rPois rF+ rC+ MR+}
102807 | Zig:14   | Got an encrusted leather armour
102836 | Zig:15   | Entered Level 15 of a ziggurat
102898 | Zig:15   | Found the +4 skin of Zhor {rC+++}
102915 | Zig:15   | Reached skill level 23 in Dodging
102933 | Zig:15   | Got a slimy hunting sling
102938 | Zig:15   | Got a faintly glowing great sword
103011 | Zig:16   | Entered Level 16 of a ziggurat
103053 | Zig:16   | Got a jasper-encrusted scale mail
103062 | Zig:16   | Got a vibrating tin amulet
103064 | Zig:16   | Got a shimmering battleaxe
103075 | Zig:16   | Identified the Tome of the Six Shrikes
103077 | Zig:16   | Identified the amulet "Losuje Wess" {Faith *Contam rPois
                  | rC+++ Int+2} (You found it on level 16 of a ziggurat)
103081 | Zig:17   | Entered Level 17 of a ziggurat
103087 | Zig:17   | Noticed Pyaddi the pandemonium lord
103093 | Zig:17   | Noticed Asoach the pandemonium lord
103094 | Zig:17   | Noticed Hinut the pandemonium lord
103094 | Zig:17   | Noticed Kiusesah the pandemonium lord
103096 | Zig:17   | Killed Hinut the pandemonium lord
103098 | Zig:17   | Noticed Yrachit the pandemonium lord
103100 | Zig:17   | Killed Asoach the pandemonium lord
103100 | Zig:17   | Killed Pyaddi the pandemonium lord
103101 | Zig:17   | Noticed Bubiwnon the pandemonium lord
103109 | Zig:17   | Killed Kiusesah the pandemonium lord
103110 | Zig:17   | Killed Bubiwnon the pandemonium lord
103113 | Zig:17   | HP: 103/224 [something (28)]
103119 | Zig:17   | HP: 112/291 [Killer Klown (8)]
103123 | Zig:17   | HP: 42/292 [something (23)]
103144 | Zig:17   | HP: 47/292 [something (24)]
103147 | Zig:17   | HP: 9/292 [something (22)]
103155 | Zig:17   | Killed Yrachit the pandemonium lord
103390 | Zig:17   | Got an ichor-stained hand crossbow
103393 | Zig:17   | Got a flickering steel ring
103394 | Zig:17   | Identified the ring "Trusted Companion" {rElec rPois Int-3
                  | SInv} (You found it on level 17 of a ziggurat)
103406 | Zig:17   | Got a slimy triple crossbow
103413 | Zig:17   | Got a slimy ring mail
103428 | Zig:18   | Entered Level 18 of a ziggurat
103442 | Zig:18   | Noticed a juggernaut
103448 | Zig:18   | Killed a juggernaut
103451 | Zig:18   | Noticed a juggernaut
103457 | Zig:18   | Killed a juggernaut
103458 | Zig:18   | Noticed a juggernaut
103462 | Zig:18   | Killed a juggernaut
103542 | Zig:18   | Got a jewelled leather armour
103559 | Zig:19   | Entered Level 19 of a ziggurat
103565 | Zig:19   | Noticed a greater mummy
103570 | Zig:19   | Killed a greater mummy
103572 | Zig:19   | HP: 137/293 [bennu (11)]
103575 | Zig:19   | HP: 61/293 [smoke demon/divine providence[a mummy priest]
                  | (13)]
103575 | Zig:19   | Noticed a greater mummy
103576 | Zig:19   | Noticed a greater mummy
103577 | Zig:19   | HP: 28/293 [mummy priest/divine providence (10)]
103785 | Pan      | Entered Pandemonium
103940 | Pan      | Got a pair of distressingly furry boots
103950 | Pan      | Identified the +2 pair of boots of Gallantry {MR+ Int+4}
                  | (You found it in Pandemonium)
104052 | Pan      | Noticed Pofopihe the pandemonium lord
104054 | Pan      | HP: 91/226 [??? (89)]
104059 | Pan      | HP: 36/226 [smoke demon/divine providence (12)]
104065 | Pan      | Killed Pofopihe the pandemonium lord
104169 | Pan      | Learned a level 9 spell: Tornado
104215 | Pan      | Reached skill level 24 in Dodging
104445 | Pan      | Got a demonic rune of Zot
104650 | Pan      | Learned a level 8 spell: Controlled Blink
104672 | Pan      | Noticed Beibico the pandemonium lord
104679 | Pan      | Killed Beibico the pandemonium lord
104922 | Pan      | Entered the realm of Gloorx Vloq.
106043 | Pan      | HP: 83/227 [??? (53)]
106205 | Pan      | Noticed Gloorx Vloq
106212 | Pan      | HP: 142/295 [??? (29)]
106214 | Pan      | Killed Gloorx Vloq
106215 | Pan      | HP: 62/295 [Executioner (11)]
106759 | Pan      | Got a dark rune of Zot
107653 | Pan      | Entered the realm of Lom Lobon.
107936 | Pan      | Got a heavy robe
107937 | Pan      | Identified the +1 robe "Ran Nou" {Str+6} (You found it in
                  | Pandemonium)
108403 | Pan      | Noticed Lom Lobon
108474 | Pan      | HP: 111/296 [Lom Lobon/great icy blast (46)]
108485 | Pan      | HP: 80/296 [Lom Lobon/great icy blast (29)]
108491 | Pan      | HP: 35/296 [Lom Lobon/great icy blast (29)]
108510 | Pan      | HP: 55/296 [Lom Lobon/great icy blast (29)]
108511 | Pan      | HP: 13/296 [Lom Lobon/great icy blast (44)]
108996 | Pan      | HP: 94/228 [Lom Lobon/great icy blast (38)]
109000 | Pan      | Got a magical rune of Zot
109002 | Pan      | HP: 101/228 [ball lightning[Lom Lobon] (4)]
109008 | Pan      | HP: 13/228 [Lom Lobon/great icy blast (54)]
109190 | Pan      | Entered the realm of Mnoleg.
109197 | Pan      | Gained mutation: Your body often deteriorates upon taking
                  | damage. [a neqoxec]
109346 | Pan      | Gained mutation: You are weak. (Str -2) [a cacodemon]
109456 | Pan      | Gained mutation: You occasionally shout uncontrollably at
                  | your foes. [a cacodemon]
109528 | Pan      | Gained mutation: You do not regenerate when monsters are
                  | visible. [a neqoxec]
109529 | Pan      | Noticed Mnoleg
109661 | Pan      | Killed Mnoleg
109661 | Pan      | Reached skill level 25 in Dodging
109828 | Pan      | Got a glowing rune of Zot
109906 | Pan      | Gained mutation: You are very weak. (Str -4) [a cacodemon]
109975 | Pan      | Gained mutation: You are clumsy. (Dex -2) [a cacodemon]
109984 | Pan      | Gained mutation: You sometimes yell uncontrollably at your
                  | foes. [a neqoxec]
110302 | Pan      | Identified a scroll of acquirement
110325 | Pan      | Noticed Lom Lobon
110337 | Pan      | HP: 117/297 [??? (33)]
110340 | Pan      | Gained mutation: You tend to lose your temper in combat. [a
                  | neqoxec]
110527 | Pan      | Entered the realm of Cerebov.
110650 | Pan      | Noticed Lom Lobon
110676 | Pan      | HP: 76/229 [Lom Lobon/great icy blast (59)]
110678 | Pan      | HP: 23/229 [Lom Lobon] (15)]
111177 | Pan      | Got a sparkling crystal amulet
111178 | Pan      | Identified the amulet "Asityoc" {Acrobat rPois Str-2 Dex+4}
                  | (You found it in Pandemonium)
111241 | Pan      | Learned a level 9 spell: Glaciate
111430 | Pan      | Lost mutation: You are very weak. (Str -4) [potion of
                  | mutation]
111430 | Pan      | Lost mutation: You are weak. (Str -2) [potion of mutation]
111430 | Pan      | Lost mutation: You tend to lose your temper in combat.
                  | [potion of mutation]
111430 | Pan      | Gained mutation: You are frail. (-10% HP) [potion of
                  | mutation]
111430 | Pan      | Gained mutation: You have a pair of small horns on your
                  | head. [potion of mutation]
111430 | Pan      | Gained mutation: Your movements are slightly less
                  | encumbered by armour. (ER -2) [potion of mutation]
111431 | Pan      | Lost mutation: You are frail. (-10% HP) [potion of
                  | mutation]
111431 | Pan      | Lost mutation: You expend magic power (3 MP) to strengthen
                  | your wands. [potion of mutation]
111431 | Pan      | Lost mutation: You are clumsy. (Dex -2) [potion of
                  | mutation]
111431 | Pan      | Gained mutation: You tend to lose your temper in combat.
                  | [potion of mutation]
111431 | Pan      | Gained mutation: You passively map a small area around you.
                  | [potion of mutation]
111432 | Pan      | Lost mutation: You tend to lose your temper in combat.
                  | [potion of mutation]
111432 | Pan      | Lost mutation: You have a pair of small horns on your head.
                  | [potion of mutation]
111432 | Pan      | Gained mutation: You passively map the area around you.
                  | [potion of mutation]
111432 | Pan      | Lost mutation: Your body often deteriorates upon taking
                  | damage. [potion of mutation]
111432 | Pan      | Gained mutation: Your flesh is cold resistant. (rC+)
                  | [potion of mutation]
111553 | Pan      | HP: 148/297 [ball lightning[Lom Lobon] (3)]
111559 | Pan      | HP: 126/297 [Lom Lobon/great icy blast (22)]
111572 | Pan      | HP: 94/297 [Lom Lobon/great icy blast (34)]
111576 | Pan      | HP: 44/297 [Lom Lobon/great icy blast (48)]
111579 | Pan      | Killed from afar by Lom Lobon

Skill      XL: |  1  2  3  4  5  6  7  8  9 10 11 12 13 14 15 16 17 18 19 20 21 22 23 24 25 26 27 |
---------------+----------------------------------------------------------------------------------+-----
Conjurations   | 2 3 4 5 6 7 8 9 10 11 12 13 14 18 | 18.8
Summonings     | 2 3 4 5 6 7 8 9 10 11 12 13 14 18 | 18.8
Translocations | 2 3 4 5 6 7 8 9 10 11 12 13 14 18 | 18.8
Invocations    | 1 2 3 4 5 6 7 8 9 10 11 12 13 14 15 16 17 18 23 | 23.1
Fighting       | 1 2 3 4 5 6 7 8 9 10 11 12 13 14 15 16 21 | 21.5
Short Blades   | 1 2 3 4 5 6 7 8 9 10 11 12 13 14 15 16 21 | 21.5
Long Blades    | 1 2 3 4 5 6 7 8 9 10 11 12 13 14 15 16 21 | 21.5
Axes           | 1 2 3 4 5 6 7 8 9 10 11 12 13 14 15 16 21 | 21.5
Maces & Flails | 1 2 3 4 5 6 7 8 9 10 11 12 13 14 15 16 21 | 21.5
Polearms       | 1 2 3 4 5 6 7 8 9 10 11 12 13 14 15 16 21 | 21.5
Staves         | 1 2 3 4 5 6 7 8 9 10 11 12 13 14 15 16 21 | 21.5
Slings         | 1 2 3 4 5 6 7 8 9 10 11 12 13 14 15 16 21 | 21.5
Bows           | 1 2 3 4 5 6 7 8 9 10 11 12 13 14 15 16 21 | 21.5
Crossbows      | 1 2 3 4 5 6 7 8 9 10 11 12 13 14 15 16 21 | 21.5
Throwing       | 1 2 3 4 5 6 7 8 9 10 11 12 13 14 15 16 21 | 21.5
Armour         | 1 2 3 4 5 6 7 8 9 10 11 12 13 14 15 16 21 | 21.5
Shields        | 1 2 3 4 5 6 7 8 9 10 11 12 13 14 15 16 23 | 23.0
Unarmed Combat | 1 2 3 4 5 6 7 8 9 10 11 12 13 14 15 16 21 | 21.5
Evocations     | 1 2 3 4 5 6 7 8 9 10 11 12 13 14 15 16 21 | 21.5
Hexes          | 1 2 3 4 5 6 7 8 9 10 11 12 13 14 18 | 18.7
Charms         | 1 2 3 4 5 6 7 8 9 10 11 12 13 14 18 | 18.7
Necromancy     | 1 2 3 4 5 6 7 8 9 10 11 12 13 14 18 | 18.7
Transmutations | 1 2 3 4 5 6 7 8 9 10 11 12 13 14 18 | 18.7
Fire Magic     | 1 2 3 4 5 6 7 8 9 10 11 12 13 14 18 | 18.7
Ice Magic      | 1 2 3 4 5 6 7 8 9 10 11 12 13 14 18 | 18.7
Air Magic      | 1 2 3 4 5 6 7 8 9 10 11 12 13 14 18 | 18.7
Earth Magic    | 1 2 3 4 5 6 7 8 9 10 11 12 13 14 18 | 18.7
Poison Magic   | 1 2 3 4 5 6 7 8 9 10 11 12 13 14 18 | 18.7
Dodging        | 5 6 7 8 9 10 11 12 13 14 15 16 17 25 | 25.3
Stealth        | 5 6 7 8 9 10 11 12 13 14 15 16 17 21 | 21.8
Spellcasting   | 8 9 10 11 12 13 14 15 16 17 22 | 22.2

Action                   |  1- 3 |  4- 6 |  7- 9 | 10-12 | 13-15 | 16-18 | 19-21 | 22-24 | 25-27 || total
-------------------------+-------+-------+-------+-------+-------+-------+-------+-------+-------++-------
Melee: Unarmed           |     5 |       |       |    11 |     2 |       |    45 |       |   158 ||   221
       Trident           |       |    12 |   192 |       |       |       |       |       |       ||   204
       Bite              |       |     2 |    18 |    40 |    82 |    57 |    61 |    36 |   413 ||   709
       Spear             |       |       |   166 |   664 |   524 |       |       |       |       ||  1354
       War axe           |       |       |     5 |       |       |       |       |       |       ||     5
       Eveningstar       |       |       |       |       |   280 |   703 |   628 |   537 |  1681 ||  3829
       Flail             |       |       |       |       |    44 |       |       |       |       ||    44
       Broad axe         |       |       |       |       |     1 |       |       |       |  1417 ||  1418
       Headbutt          |       |       |       |       |       |       |       |       |    20 ||    20
       Kick              |       |       |       |       |       |       |       |       |    14 ||    14
Throw: Throwing net      |       |       |       |       |       |       |       |       |     1 ||     1
 Cast: Magic Dart        |    63 |   129 |   224 |       |     2 |       |       |       |       ||   418
       Mephitic Cloud    |       |     1 |     1 |    21 |    16 |       |       |       |       ||    39
       Conjure Flame     |       |       |    17 |    30 |    13 |     3 |    12 |     6 |     9 ||    90
       Blink             |       |       |     4 |     9 |    11 |       |     1 |     2 |     9 ||    36
       Flame Tongue      |       |       |       |   282 |   547 |   195 |       |       |       ||  1024
       Ignite Poison     |       |       |       |    11 |    10 |       |       |       |       ||    21
       Irradiate         |       |       |       |       |    89 |    62 |    34 |    75 |   112 ||   372
       Yara's Violent Un |       |       |       |       |     3 |       |     1 |     2 |       ||     6
       Bolt of Fire      |       |       |       |       |     9 |     2 |     6 |    26 |    80 ||   123
       Iron Shot         |       |       |       |       |       |    13 |    75 |   139 |   601 ||   828
       Olgreb's Toxic Ra |       |       |       |       |       |    82 |    61 |    44 |    28 ||   215
       Freezing Cloud    |       |       |       |       |       |     2 |    41 |    22 |    20 ||    85
       Statue Form       |       |       |       |       |       |       |     5 |     1 |    29 ||    35
       Swiftness         |       |       |       |       |       |       |     2 |     3 |     3 ||     8
       Airstrike         |       |       |       |       |       |       |       |    96 |    54 ||   150
       Fire Storm        |       |       |       |       |       |       |       |       |   119 ||   119
       Regeneration      |       |       |       |       |       |       |       |       |    54 ||    54
       Deflect Missiles  |       |       |       |       |       |       |       |       |     9 ||     9
       Glaciate          |       |       |       |       |       |       |       |       |     3 ||     3
       Apportation       |       |       |       |       |       |       |       |       |     3 ||     3
       Tornado           |       |       |       |       |       |       |       |       |     1 ||     1
Evoke: Wand              |       |       |       |     1 |     5 |     1 |       |       |     2 ||     9
       Lamp of fire      |       |       |       |       |       |     3 |       |     1 |     2 ||     6
       Sack of spiders   |       |       |       |       |       |       |     1 |     1 |       ||     2
  Use: Scroll            |       |    13 |     5 |     9 |    12 |     9 |     9 |     9 |    82 ||   148
       Potion            |       |       |       |       |     2 |     1 |     1 |     1 |    46 ||    51
 Stab: Sleeping          |       |       |     4 |     2 |     9 |     4 |    10 |    12 |    17 ||    58
       Distracted        |       |       |     1 |     2 |     5 |       |     2 |     1 |    24 ||    35
       Confused          |       |       |       |     3 |     8 |     3 |       |       |       ||    14
       Invisible         |       |       |       |       |       |       |       |       |     3 ||     3
  Eat: Chunk             |       |     7 |    12 |    27 |    52 |    29 |    36 |    44 |    59 ||   266
       Ration            |       |     1 |     2 |     2 |     4 |     5 |     1 |     2 |    20 ||    37
Armor: Robe              |       |    11 |    81 |   194 |   136 |     3 |   135 |   136 |   430 ||  1126
       Ice dragon scales |       |       |       |       |   195 |   642 |       |       |       ||   837
       Fire dragon scale |       |       |       |       |     8 |       |       |       |       ||     8
       Skin              |       |       |       |       |       |       |    30 |       |   358 ||   388
Dodge: Dodged            |    12 |    32 |   197 |   364 |   530 |   728 |   502 |   338 |  2209 ||  4912
       Deflected         |       |       |       |       |       |       |       |       |   112 ||   112
Block: Shield            |       |    15 |   113 |    25 |   357 |       |    45 |   198 |       ||   753
       Buckler           |       |       |    12 |   109 |   103 |   463 |   234 |       |       ||   921
       Reflection        |       |       |       |       |       |       |       |    65 |    21 ||    86
       Large shield      |       |       |       |       |       |       |       |   396 |  3701 ||  4097

Vault maps used:
D:1:      lemuel_arrival_tunnels
D:2:      first_ration
D:3:      nicolae_overflow_hidden_temple, minmay_splitting_lines
D:4:      gammafunk_wand_slinger, serial_shops, shop, minivault_5,
          ashenzari_altar_1
D:6:      minmay_temple_entry_overgrown, uniq_pikel, uniq_blork_the_orc
D:7:      basic_altar, uniq_prince_ribbit1
D:8:      enter_ossuary_5
D:9:      david_lair_generic, david_orc_4, uniq_grum
D:10:     uniq_sonja, uniq_erica
D:11:     enter_bailey_2, the_bakery
D:12:     gammafunk_ghost_icy, uniq_maurice
D:13:     hangedman_vaults_entry_quadrant_bands
D:14:     serial_shops, shop, shop, shop, nicolae_shop_stone,
          gammafunk_ghost_mausoleum, minmay_misc_feat_tiny, uniq_josephine
D:15:     grunt_enter_depths_hoard, serial_shops, shop, nrook_uturn,
          minmay_misc_feat_x, yredelemnul_altar_generic, uniq_azrael
Temple:   compressed_dpeg_triangle_lava_temple
Lair:1:   st_stairs_9, lemuel_fruit_tree
Lair:2:   uniq_gastronok
Lair:3:   dummy_spider_entry
Lair:4:   swamp_mist, grunt_megastairs_2, uniq_kirke
Lair:5:   grunt_megastairs_4, uniq_rupert
Lair:6:   guppyfry_lair_end_dragon, hangedman_lair_tendril_chambers,
          dpeg_slime_entry_enclosed_altar
Swamp:1:  nicolae_swamp_dense_foliage
Swamp:2:  serial_swamp_ruin, evilmike_swamp_ruin_wall,
          evilmike_swamp_ruin_rubble_1, evilmike_swamp_ruin_house_6
Swamp:3:  nicolae_swamp_triple_paths, swamp_pool5, infiniplex_staircase_pool_2,
          uniq_louise
Swamp:4:  grunt_swamp_rune_castle
Spider:1: uniq_roxanne, uniq_agnes
Spider:2: nicolae_spider_mines_3, nicolae_spider_cling_halls, uniq_arachne
Spider:4: grunt_spider_rune_circles, spider_trap
Slime:3:  cheibrodos_slime_lost_civilization_9
Orc:2:    st_orc_mages, serial_shops, shop_fountains
Elf:1:    minmay_elf_arrival_summoners, minivault_28, nrook_mini_backslash
Elf:2:    serial_shops, shop, nicolae_shop_waterfront, shop_statue,
          nicolae_shop_waterfront
Elf:3:    minmay_elf_hall_four_x, serial_shops, nicolae_shop_stone,
          grunt_ministairs_3, moated_statue
Vaults:1: ontoclasm_vaults_eye, special_room_vaults,
          ontoclasm_vaults_loading_screen, v_misc_25, vaults_mumra_chevron,
          dpeg_vaults_monster_box, v_misc_31, nicolae_vaults_little_squares_3,
          v_alt_pattern_4, nicolae_vaults_network_square,
          ontoclasm_vaults_ring_large, vaults_mumra_minichess_inversion,
          hangedman_vaults_trim, serial_shops, nicolae_shop_overgrown_old_shop,
          nicolae_shop_behind_doors
Vaults:2: nicolae_vaults_display_case, v_misc_17, ontoclasm_vaults_shuriken,
          grunt_vaults_hallway_short, vaults_room_ringed_pool,
          vaults_standard_mumra_x, nicolae_vaults_little_squares_6,
          vaults_dpeg_ring, minmay_crypt_entry_simple_sparse,
          vaults_dpeg_diagonal
Vaults:3: biasface_vaults_ghost_orc_armoury, nicolae_vaults_arrows,
          v_alt_pattern_2, nicolae_vaults_back_hallway,
          nicolae_vaults_little_squares_3, v_misc_15,
          nicolae_vaults_little_squares_3, vaults_room_fours,
          hangedman_vaults_stretched_pinwheel, v_misc_33,
          nicolae_vaults_asterisk, v_alt_pattern_6, v_misc_14, uniq_nikola
Vaults:4: ontoclasm_vaults_bender, hangedman_vaults_variations, v_misc_13,
          ontoclasm_vaults_twist, hangedman_vaults_stretched_pinwheel,
          vaults_room_stairs_pillars, nicolae_vaults_little_ls,
          hangedman_vaults_trim, v_misc_29, v_misc_11, grunt_vaults_swirl,
          serial_shops, shop_scrolls, uniq_mara
Vaults:5: serial_shops, uniq_margery
Depths:1: enter_ziggurat_e, abyss_entry_small_statue_room,
          pf_hell_entry_tar_river, kennysheep_minor_cross, serial_bayou_pond_a,
          nooodl_orcs_dogs
Depths:2: minmay_glassy_protrusions, roderic_lattice_octagonal_star,
          hangedman_abyss_entry_splay, pf_vacation_house_of_asmodeus,
          gammafunk_ghost_ooze, kennysheep_nondescript, serial_bayou_shore_b,
          infiniplex_staircase_zigzag_5
Depths:3: minmay_three_patterns, grunt_pan_entry_zigzag, serial_shops, shop,
          abyss_entry_flame_altar, hell_entry, minmay_librarian
Depths:4: thingy_vault_2, abyss_entry, grunt_metal_band, serial_bayou_shore_a
Depths:5: grunt_zot_entry_funnels, abyss_entry, hangedman_coc_ice_floe,
          minmay_misc_feat_four_crosses, minmay_misc_feat_nine_boxes
Zot:2:    kennysheep_spiral_hall
Zot:3:    cheibrodos_zot_enchanting_chambers, basic_altar
Zot:4:    grunt_zot_stairs_mandelzot
Zot:5:    st_stairs_4
Abyss:3:  lemuel_flamethrower_3, evilmike_abyss_rune_ettins
Pan:      nicolae_pan_hourglass, nicolae_pan_sigil_obb, lemuel_hall_of_pain,
          evilmike_mini_pan_branches, nicolae_pan_gloorx_vloqian_3,
          gloorx_vloq_st, evilmike_mini_pan_doors_b,
          evilmike_mini_pan_pillars_b, lom_lobon_grunt, mnoleg_st,
          pan_blood_fountain, evilmike_mini_pan_3x3, uniq_lom_lobon,
          nicolae_pan_strange_glyphs, nicolae_pan_hourglass,
          pan_blood_fountain_small, nicolae_pan_sick_transit, grunt_pan_sceptre,
          cerebov_st, uniq_lom_lobon, pan_blood_fountain_small
Zig:5:    ziggurat_pillar_centre_c
Zig:8:    ziggurat_pillar_centre_dead_trees
Zig:18:   ziggurat_pillar_centre_oklobs
Zig:19:   ziggurat_pillar_centre_drop
Ossuary:  minmay_ossuary_two_tombs
Bailey:   bailey_axe_3, bailey
